 Dungeon Crawl Stone Soup version 0.20-a0-433-g9e36e56 (webtiles) character file.

1290504 Kriby the Archmage (level 27, -2/235 HPs)
             Began as a Mummy Fire Elementalist on Jan 2, 2017.
             Was the Champion of Sif Muna.
             Killed by divine providence
             ... invoked by a smoke demon
              (12 damage)
             ... on level 1 of the Abyss on Jan 4, 2017.
             The game lasted 15:09:51 (210256 turns).

Kriby the Archmage (Mummy Fire Elementalist)      Turns: 210256, Time: 15:09:51

Health: -2/235     AC: 41    Str: 17      XL:     27
Magic:  32/72      EV: 21    Int: 31      God:    Sif Muna [******]
Gold:   14417      SH: 25    Dex: 20 (21) Spells: 21/80 levels left

rFire  + + .     SeeInvis .     b - +9 demon trident (flame)
rCold  + + .     Gourm    .     n - +8 fire dragon scales
rNeg   + + +     Faith    .     C - +2 shield {AC+3}
rPois  ∞         Spirit   .     h - +1 helmet "Xomp" {rPois MR+ Str+3}
rElec  +         Reflect  +     D - +2 cloak of Instinct {rElec rC+}
rCorr  .         Harm     .     V - +1 pair of gloves of Impressiveness {Dex+7}
MR     +++..                    K - +0 pair of boots {Fly}
Stlth  +++.......               q - amulet of Sunlight {Reflect +Blink rElec Str+3 SH+6 Stlth+}
                                P - ring "Taihio" {Fire *Drain MP+9 Stlth+}
                                k - ring "Acaiblo" {rC++ MR- MP+9 Int+5}

@: flying, delayed fireball, deflect missiles
A: no food or potions, fire vulnerability, cold resistance 1, negative energy
resistance 3, torment resistance, unbreathing, in touch with death 2
}: 8/15 runes: decaying, serpentine, slimy, silver, golden, iron, icy, abyssal
a: Divine Energy, Channel Magic, Forget Spell, Renounce Religion, Release
Delayed Fireball, Evoke Blink, Stop Flying


You were on level 1 of the Abyss.
You worshipped Sif Muna.
Sif Muna was exalted by your worship.
You were not hungry.

You visited 17 branches of the dungeon, and saw 80 of its levels.
You visited the Abyss 6 times.
You completed 1 ziggurat, and saw 27 of its levels.
You also visited: Trove and Bailey.

You collected 16884 gold pieces.
You spent 2467 gold pieces at shops.

Inventory:

Hand Weapons
 b - a +9 demon trident of flaming (weapon)
 Z - the +6 Majin-Bo {vamp, Archmagi MP+6 Int+6}
   (You found it on level 16 of a ziggurat)

   It inflicts no extra harm, but heals its wielder when it wounds a living foe.
   It affects your intelligence (+6).
   It affects your magic capacity (+6).
Armour
 h - the +1 helmet "Xomp" (worn) {rPois MR+ Str+3}
   (You found it on level 7 of Cocytus)

   It affects your strength (+3).
   It protects you from poison.
   It affects your resistance to hostile enchantments.
 n - +8 fire dragon scales (worn)
 p - the +2 hat "Ekeich" {rF+ rC+ Regen+ Int-2}
   (You acquired it on level 2 of a ziggurat)

   It affects your intelligence (-2).
   It protects you from fire.
   It protects you from cold.
   It increases your rate of regeneration.
 C - a +2 shield of protection (worn)
 D - the +2 cloak of Instinct (worn) {rElec rC+}
   (You acquired it on level 1 of the Snake Pit)

   It protects you from cold.
   It insulates you from electricity.
 K - a +0 pair of boots of flying (worn)
 V - the +1 pair of gloves of Impressiveness (worn) {Dex+7}
   (You bought it in a shop on level 2 of the Elven Halls)

   It affects your dexterity (+7).
 W - a +2 large shield of protection
Magical Staves
 a - an uncursed staff of energy
 u - an uncursed staff of power
Jewellery
 i - an uncursed ring of see invisible
 k - the ring "Acaiblo" (left hand) {rC++ MR- MP+9 Int+5}
   (You bought it in a shop on level 3 of the Depths)

   [ring of intelligence]

   It affects your intelligence (+5).
   It greatly protects you from cold.
   It affects your resistance to hostile enchantments.
   It affects your magic capacity (+9).
 q - the amulet of Sunlight (around neck) {Reflect +Blink rElec Str+3 SH+6 Stlth+}
   (You took it off a deep elf sorcerer on level 3 of the Elven Halls)

   [amulet of reflection]

   It shields you and reflects attacks.
   It affects your strength (+3).
   It insulates you from electricity.
   It lets you blink.
   It affects your SH (+6).
   It makes you more stealthy.
 E - an uncursed ring of resist corrosion
 O - the ring "Nyizaruts" {+Fly EV+4 Int+3 Dex+4}
   (You found it on level 1 of the Depths)

   [ring of evasion]

   It affects your evasion (+4).
   It affects your intelligence (+3).
   It affects your dexterity (+4).
   It lets you fly.
 P - the ring "Taihio" (right hand) {Fire *Drain MP+9 Stlth+}
   (You found it on level 3 of the Elven Halls)

   [ring of fire]

   It enhances your fire magic.
   It protects you from fire.
   It makes you vulnerable to cold.
   It affects your magic capacity (+9).
   It causes draining when unequipped.
   It makes you more stealthy.
Wands
 o - a wand of digging (11/24)
Scrolls
 c - 5 scrolls of amnesia
 d - 2 scrolls of torment
 e - a scroll of silence
 g - 5 scrolls of fear
 j - 43 scrolls of remove curse
 l - 16 scrolls of magic mapping
 m - 8 scrolls of teleportation
 s - 25 scrolls of recharging
 v - 3 scrolls of enchant armour
 x - 10 scrolls of enchant weapon
 H - 12 scrolls of fog
 T - 13 scrolls of identify
Books
 t - a book of Unlife

   Spells                             Type                      Level
   a - Recall                         Summoning/Translocation      3
   b - Animate Dead                   Necromancy                   4
   c - Control Undead                 Necromancy                   4
   d - Cigotuvi's Embrace             Necromancy                   5
   e - Death Channel                  Necromancy                   6
   f - Simulacrum                     Ice/Necromancy               6
 U - Sif Muna's Catalogue of Slavery and Clay
   (Sif Muna gifted it to you on level 1 of the Vaults)

   Spells                             Type                      Level
   a - Call Imp                       Summoning                    2
   b - Stone Arrow                    Conjuration/Earth            3
   c - Summon Forest                  Summoning/Translocation      5
   d - Aura of Abjuration             Summoning                    5
   e - Iron Shot                      Conjuration/Earth            6
   f - Spellforged Servitor           Conjuration/Summoning        7
   g - Dragon's Call                  Summoning                    9
Miscellaneous
 f - a +1 figurine of a ziggurat
 M - a lamp of fire
 N - 10 phantom mirrors
 Y - a crystal ball of energy


   Skills:
 - Level 23.2 Fighting
 - Level 6.3(10.2) Polearms
 - Level 12.2(12.8) Staves
 O Level 27 Armour
 - Level 14.9 Dodging
 - Level 1.5 Stealth
 + Level 22.8 Shields
 O Level 27 Spellcasting
 O Level 27 Conjurations
   Level 11.1 Hexes
 - Level 11.0 Charms
 - Level 3.3 Necromancy
 O Level 27 Fire Magic
 - Level 10.8 Air Magic
 - Level 16.7 Earth Magic
 - Level 12.7 Invocations
 - Level 11.0 Evocations


You had 21 spell levels left.
You knew the following spells:

 Your Spells              Type           Power        Failure   Level  Hunger
e - Fireball              Conj/Fire      ########..   0%          5    N/A
f - Bolt of Magma         Conj/Fire/Erth ########..   0%          5    N/A
g - Lehudib's Crystal Sp  Conj/Erth      ########..   1%          8    N/A
h - Delayed Fireball      Conj/Fire      N/A          1%          7    N/A
j - Fire Storm            Conj/Fire      ########..   4%          9    N/A
k - Orb of Destruction    Conj           ########..   1%          7    N/A
m - Shroud of Golubria    Chrm/Tloc      ######....   1%          2    N/A
n - Dispel Undead         Necr           #######.     10%         5    N/A
o - Controlled Blink      Tloc           N/A          100%        8    N/A
R - Deflect Missiles      Chrm/Air       #######...   1%          6    N/A
T - Blink                 Tloc           N/A          1%          2    N/A

Dungeon Overview and Level Annotations

Branches:
Dungeon (15/15)            Temple (1/1) D:4            Lair (6/6) D:10
  Swamp (4/4) Lair:4        Snake (4/4) Lair:4        Slime (5/5) Lair:5
    Orc (2/2) D:11            Elf (3/3) Orc:2        Vaults (5/5) D:13
  Crypt (3/3) Vaults:2       Tomb (3/3) Crypt:3      Depths (5/5) D:15
   Hell (1/1)                 Dis (7/7) Hell            Geh (0/7) Hell
    Coc (7/7) Hell            Tar (5/7) Hell            Zot (4/5) Depths:5

Altars:
Ashenzari
Cheibriados
Dithmenos
Elyvilon
Fedhas
Gozag
Hepliaklqana
Kikubaaqudgha
Makhleb
Nemelex Xobeh
Okawaru
Qazlal
Ru
Sif Muna
Trog
Uskayaw
Vehumet
Xom
Yredelemnul
Zin
The Shining One
Jiyva

Shops:
D:7 *   Orc:2 (=*[   Elf:2 [   Snake:2 [}   Vaults:1 %   Vaults:5 [
Depths:1 :!:}   Depths:3 =}}

Portals:
Hell: Hell Depths:1 Depths:2 Depths:3 Depths:4 Depths:5
Abyss: Depths:4
Pandemonium: Depths:3
Ziggurat: Depths:1

Annotations:
Swamp:3 exclusion: downstairs
Snake:2 exclusion: downstairs
Depths:1 Slaughter your wooorld o/~, exclusion: downstairs
Depths:2 exclusion: downstairs
Zot:4 exclusion: downstairs


Innate Abilities, Weirdness & Mutations

You do not eat or drink.
Your flesh is vulnerable to fire.
You are immune to poison.
Your flesh is cold resistant. (rC+)
You are immune to negative energy. (rN+++)
You are immune to unholy pain and torment.
You can survive without breathing.
You are strongly in touch with the powers of death.


Message History

The insubstantial wisp gives a chilling moan.
You block the insubstantial wisp's attack.
The balrug gestures at you. The bolt of fire hits you! You resist.
* * * LOW HITPOINT WARNING * * *
The insubstantial wisp blinks!
The thrashing horror roars!
You hear a shout!
You hear a grinding noise.
Casting: Blink
Confirm with . or Enter, or press ? or * to list all spells.
You blink.
You block the thrashing horror's attack.
The thrashing horror completely misses you.
The thrashing horror tramples you but does no damage.
The thrashing horror completely misses you.
The wretched star pulses with an eldritch light!
Your body decomposes!
You feel clumsy. The smoke demon gestures at you. Something smites you!
You die...

. . #. ##
..###...###... ..#..
.#. ...#.. ..#v... .
... . .
................ .#..
..#.....#..§..#....
#... #...# #.v.###...
##.# ##.## ##3## #.#
##...###3..###...## .
.#.....#X....#3....#. .
.......@...*.v.........
.#.....#.....#.....#...
##...###...###...###...
##.# ##.## ##.## #.#
#.. #...# ...# .. #.(
#.....# ...# ... ...
..... ..... .#. .#.
...#. .#.


You could see a wretched star, a sun demon, a thrashing horror, a smoke demon
and an insubstantial wisp.

Vanquished Creatures
  Antaeus (Coc:7)
  the Royal Jelly (Slime:5)
  The ghost of Herrn the Petrodigitator, a legendary NaMo of Vehumet (Zig:26)
  the Serpent of Hell (Dis:7)
  Dispater (Dis:7)
  The ghost of CDDA the Heavyweight Champion, a legendary TrMo of the Shining One (Tomb:2)
  Mara (Snake:3)
  Mennas (Vaults:5)
  13 ancient liches
  10 juggernauts (Zig:24)
  Sojobo (Crypt:3)
  39 greater mummies
  the Lernaean hydra (Swamp:4)
  Boris (Tomb:2)
  12 shard shrikes
  Saint Roka (Crypt:3)
  2 Killer Klowns (Zot:4)
  A curse toe (Zot:2)
  3 caustic shrikes (Depths:4)
  Jory (Vaults:3)
  37 bone dragons
  the Enchantress (Depths:3)
  25 golden dragons
  A profane servitor (Abyss:1)
  7 doom hounds
  14 Tzitzimimeh
  An electric golem (Zot:2)
  2 pandemonium lords
  9 iron giants
  7 Brimstone Fiends
  Jorgrun (Vaults:4)
  4 hellephants
  23 Ice Fiends
  23 tentacled monstrosities
  32 liches
  13 Hell Sentinels
  17 quicksilver dragons
  2 deep elf master archers (Elf:3)
  37 acid blobs
  5 deep elf blademasters
  9 titans
  13 Executioners
  A sphinx (shapeshifter) (Vaults:5)
  4 thorn hunters
  70 tentacled starspawn
  24 ancient champions
  19 sphinxes
  8 death cobs
  11 tengu reavers
  Agnes (D:14)
  Kirke (Swamp:4)
  9 shadow dragons
  10 draconian monks
  9 storm dragons
  Donald (Swamp:4)
  69 nagarajas
  6 revenants
  41 azure jellies
  5 daevas
  12 deep elf sorcerers
  12 draconian knights
  10 frost giants
  2 emperor scorpions
  13 fire giants
  Louise (Swamp:3)
  2 caustic shrike zombies
  16 balrugs
  2 juggernaut zombies (Zig:23)
  7 draconian scorchers
  11 ghost moths
  7 iron dragons
  7 cacodemons
  2 black suns (Zig:20)
  14 vault wardens
  2 curse skulls
  14 draconian annihilators
  13 draconian shifters
  11 deep elf elementalists
  Aizul (Snake:2)
  6 ghouls
  7 orc warlords (Zig:24)
  A caustic shrike skeleton (Zig:23)
  2 warmongers (Zig:20)
  10 draconian stormcallers
  6 elemental wellsprings
  39 war gargoyles
  45 very ugly things
  6 spriggan defenders
  7 blood saints (Zig:20)
  67 reapers
  22 ironheart preservers
  2 angels
  12 bennus
  3 juggernaut skeletons
  4 ophanim
  31 stone giants
  5 entropy weavers
  11 deep elf demonologists
  2 corrupters
  17 vampire knights
  9 lorocyprocas
  18 red draconians
  13 green draconians
  19 yellow draconians
  3 dire elephants
  16 white draconians
  25 black draconians
  Azrael (Snake:3)
  14 deep elf annihilators
  12 spark wasps
  6 eidola
  24 purple draconians
  29 mummy priests
  10 deep elf death magi
  22 green deaths
  A minotaur (shapeshifter) (Elf:1)
  4 crystal guardians
  15 ettins
  Josephine (Lair:4)
  12 death oozes
  22 blizzard demons
  7 fire dragons
  6 jiangshi
  11 deep elf high priests
  11 quicksilver dragon zombies
  18 rakshasas
  21 great orbs of eyes
  37 yaktaur captains
  Fannar (Lair:3)
  37 vault guards
  36 naga warriors
  3 quicksilver dragon skeletons
  A hydra (shapeshifter) (Vaults:1)
  43 hydras
  2 kraken zombies
  25 ice dragons
  7 spriggan air magi
  A catoblepas (Zig:15)
  3 hell beasts
  24 ogre magi
  12 centaur warriors
  4 ghost crabs
  A monstrous demonspawn (Zig:20)
  An anaconda (shapeshifter) (Vaults:5)
  The ghost of WhatIsLove the Devastator, a journeyman TeCj of Sif Muna (D:12)
  22 anacondas
  10 death knights
  The ghost of Herrn the Cleaver, a novice NaMo (D:9)
  A queen ant (Lair:5)
  57 two-headed ogres
  24 death scarabs
  13 deep troll shamans
  30 dancing weapons
  A queen ant (shapeshifter) (Abyss:3)
  6 vampire magi
  8 alligators
  6 tengu warriors
  14 titan zombies
  12 orc high priests
  58 thrashing horrors
  15 deep troll earth magi
  30 shock serpents
  9 spriggan berserkers
  15 sun demons
  Sonja (Lair:1)
  30 naga sharpshooters
  24 hell hogs
  12 soul eaters
  18 iron trolls
  38 deep elf knights
  20 hell knights
  17 iron golems
  Nergalle (Lair:4)
  A fire crab (shapeshifter) (Depths:4)
  64 wretched stars
  12 death drakes
  2 fire crabs (Abyss:2)
  10 salamander mystics
  23 sixfirhies
  8 titan skeletons
  190 large abominations
  130 skeletal warriors
  8 storm dragon zombies
  10 unseen horrors
  3 ghost moth zombies
  8 shadow wraiths
  2 storm dragon skeletons
  9 spatial maelstroms
  264 starcursed masses
  15 anaconda zombies
  An infernal demonspawn (Zig:20)
  4 golden dragon zombies
  An obsidian statue (Zig:12)
  47 deep trolls
  17 naga ritualists
  8 shambling mangroves
  15 flayed ghosts
  A spark wasp zombie (Depths:2)
  A harpy (Vaults:4)
  16 glowing orange brains
  A kraken simulacrum (Coc:4)
  15 shadow demons
  9 anaconda skeletons
  25 deep elf archers
  2 golden dragon skeletons
  28 swamp dragons
  An orange crystal statue (Depths:1)
  2 sphinx zombies (Zig:27)
  8 spriggan druids
  4 lindwurms (Snake:4)
  22 phantasmal warriors
  7 shadow dragon zombies
  A swamp dragon (shapeshifter) (Depths:5)
  9 wizards
  A tengu zombie (Zig:23)
  An orb spider (shapeshifter) (Zig:16)
  A mana viper (shapeshifter) (Zig:16)
  29 orc knights
  22 ironbrand convokers
  14 necromancers
  7 wolf spider zombies
  3 cyclopes
  23 wolf spiders
  The ghost of lupus83 the Thaumaturge, a novice DECj of Sif Muna (D:7)
  3 fire giant zombies
  85 deep elf magi
  7 frost giant zombies
  12 stone giant zombies
  6 oklob plants
  14 mana vipers
  5 shadow dragon skeletons
  6 orb spiders
  10 orc sorcerers
  A shining eye (shapeshifter) (Depths:1)
  3 iron dragon zombies
  13 shining eyes
  2 sphinx skeletons
  A faun (shapeshifter) (Vaults:4)
  61 ugly things
  3 manticores (shapeshifter)
  7 manticores
  26 moths of wrath
  36 worldbinders
  A guardian serpent (shapeshifter) (Vaults:5)
  6 stone giant skeletons
  30 salamanders
  Maurice (D:11)
  2 dire elephant zombies
  4 titan simulacra
  An eye of devastation (shapeshifter) (Depths:2)
  6 frost giant skeletons
  27 vault sentinels
  46 rust devils
  63 naga magi
  67 smoke demons
  A shock serpent zombie (Tar:1)
  41 guardian serpents
  5 fire giant skeletons
  3 ice statues
  A storm dragon simulacrum (Coc:7)
  7 elf skeletons
  2 water nymphs (Abyss:3)
  102 black mambas
  7 iron dragon skeletons
  A gargoyle (D:13)
  Joseph (D:10)
  A spiny frog (shapeshifter) (Abyss:1)
  13 apocalypse crabs
  A torpor snail (shapeshifter) (Zig:16)
  10 eyes of devastation
  A catoblepas zombie (Dis:4)
  41 spiny frogs
  A rime drake (shapeshifter) (Vaults:3)
  2 kobold demonologists
  4 dire elephant skeletons
  A shock serpent skeleton (Crypt:3)
  23 orange demons
  4 torpor snails
  17 demonic crawlers
  16 komodo dragons
  41 tormentors
  35 hellions
  5 rime drakes
  A yaktaur (shapeshifter) (Vaults:5)
  9 efreet
  3 spriggan skeletons
  66 yaktaurs
  69 freezing wraiths
  18 red devils
  53 ice devils
  5 anaconda simulacra
  71 ancient zymes
  A harpy zombie (Coc:4)
  26 hydra zombies
  7 tengu conjurers
  A grey draconian skeleton (Crypt:1)
  18 hellwings
  12 trolls
  A troll (shapeshifter) (Vaults:4)
  6 jumping spiders
  A jumping spider (shapeshifter) (Vaults:3)
  A merfolk (shapeshifter) (Zig:16)
  2 wolf spider simulacra (Abyss:1)
  A shadow dragon simulacrum (Abyss:1)
  65 guardian mummies
  A polar bear (shapeshifter) (Depths:3)
  9 tyrant leeches
  5 hydra skeletons
  4 polar bears
  53 hornets
  4 wind drakes (shapeshifter)
  134 raiju
  A blink frog (shapeshifter) (Abyss:1)
  28 blink frogs
  11 hippogriffs
  5 alligator zombies
  8 ice dragon zombies
  2 human simulacra
  2 dream sheep (shapeshifter)
  9 dream sheep (Lair:4)
  13 fire dragon zombies
  26 bog bodies
  13 ettin zombies
  2 raiju (shapeshifter)
  A fire giant simulacrum (Depths:1)
  178 slime creatures
  5 elf zombies
  3 harpy skeletons
  A stone giant simulacrum (Abyss:1)
  231 flying skulls
  3 black mamba zombies
  A frost giant simulacrum (Abyss:1)
  19 air elementals
  5 alligator skeletons
  12 redbacks
  5 ettin skeletons
  9 tarantellas
  5 vampires
  58 wraiths
  24 shadows
  18 wyverns
  2 ice dragon skeletons
  A spriggan simulacrum (Depths:4)
  A redback (shapeshifter) (Vaults:3)
  A spriggan (shapeshifter) (Depths:3)
  21 water elementals
  40 ushabtiu
  36 spriggans
  55 ynoxinuls
  2 basilisks (shapeshifter)
  2 basilisks
  20 fire elementals
  A fire bat (shapeshifter) (Vaults:2)
  8 fire dragon skeletons
  A human (shapeshifter) (Depths:2)
  32 yaks
  35 golden eyes
  39 chaos spawn
  A hog (shapeshifter) (Depths:5)
  A black mamba skeleton (Coc:7)
  23 fire bats
  10 hungry ghosts
  4 steam dragons (Lair:6)
  33 neqoxecs
  27 spatial vortices
  8 wargs
  An emperor scorpion simulacrum (Abyss:1)
  A gelid demonspawn zombie (Dis:7)
  17 vampire mosquitoes
  An acid dragon (shapeshifter) (D:14)
  91 nagas
  A naga (shapeshifter) (Abyss:1)
  6 soldier ants
  17 swamp worms
  A merfolk zombie (Crypt:2)
  A soldier ant (shapeshifter) (Vaults:4)
  4 acid dragons
  26 spiny frog zombies
  42 insubstantial wisps
  23 water moccasins
  A floating eye (Depths:5)
  4 hydra simulacra
  103 hell hounds
  A porcupine (shapeshifter) (Vaults:1)
  15 porcupines
  2 ettin simulacra
  2 floating eyes (shapeshifter) (Vaults:5)
  61 orc warriors
  A hornet zombie (D:14)
  4 sky beasts
  An alligator simulacrum (Coc:2)
  2 black bears (shapeshifter)
  21 swamp drakes
  16 ice beasts
  A sky beast (shapeshifter) (Abyss:1)
  A black mamba simulacrum (Abyss:1)
  71 ogres
  14 phantoms
  9 spiny frog skeletons
  15 eyes of draining
  20 necrophages
  4 snapping turtle zombies
  3 manticore zombies
  An elephant skeleton (Crypt:1)
  A swamp dragon zombie (Abyss:1)
  15 wolves
  An eye of draining (shapeshifter) (Vaults:5)
  2 manticore skeletons
  17 boggarts
  26 centaurs
  A centaur (shapeshifter) (D:15)
  2 snapping turtle skeletons
  A swamp dragon skeleton (Tar:3)
  23 crocodiles
  9 big kobolds
  8 gnoll sergeants (Bailey)
  A wyvern zombie (D:7)
  4 human skeletons
  19 bullfrogs
  5 earth elementals
  2 troll zombies
  9 scorpions
  A spriggan zombie (Coc:2)
  14 killer bees
  2 snapping turtle simulacra (Abyss:1)
  2 troll skeletons
  68 wights
  2 electric eels (D:6)
  A raiju skeleton (Crypt:2)
  23 crimson imps
  4 centaur zombies
  171 small abominations
  A yaktaur simulacrum (Vaults:1)
  5 bullfrog zombies
  12 hounds
  6 human zombies
  6 jellies
  25 quasits
  26 orc priests
  10 centaur skeletons
  6 gnoll shamans (Bailey)
  37 orc wizards
  2 bullfrog skeletons
  60 iron imps
  2 hell rats (Lair:2)
  4 iguanas
  12 worker ants
  A lightning spire (Zig:15)
  An ogre zombie (Dis:7)
  A naga zombie (Dis:6)
  An ogre skeleton (Abyss:2)
  4 tengu skeletons
  An acid dragon skeleton (Crypt:2)
  A big kobold skeleton (Crypt:2)
  2 crocodile skeletons
  2 naga skeletons (Coc:4)
  A hound skeleton (D:11)
  66 mummies
  A howler monkey zombie (D:6)
  3 worker ant zombies
  Robin (D:3)
  13 adders
  18 gnolls
  7 river rats (Lair:2)
  16 shadow imps
  38 white imps
  16 ufetubi
  3 oozes
  An adder zombie (D:8)
  A lava snake zombie (Crypt:2)
  An adder skeleton (D:8)
  5 worms
  6 dart slugs
  6 leopard geckos
  144 orcs
  A ball python (D:2)
  8 bats
  11 giant cockroaches
  16 goblins
  10 hobgoblins
  12 jackals
  33 kobolds
  6 quokkas
  8 frilled lizards
  A hobgoblin zombie (Crypt:2)
  A jackal zombie (D:5)
  A leopard gecko zombie (D:4)
  An orc simulacrum (Coc:7)
  An orc skeleton (Coc:7)
  3 orc zombies
  40 rats
  7 briar patches
  2 bushes (Depths:3)
  A butterfly (Lair:1)
  2 crawling corpses (Elf:3)
  13 fire vortices
  4 fungi
  10 lurking horrors
  23 plants
  49 starspawn tentacles
  7 tentacles
7893 creatures vanquished.

Vanquished Creatures (collateral kills)
  Khufu (Tomb:3)
  10 greater mummies
  Xtahua (Vaults:4)
  Geryon (Hell)
  A Killer Klown (Zot:4)
  A golden dragon (Zig:19)
  2 tentacled monstrosities
  A quicksilver dragon (Zig:26)
  An ancient champion (Dis:5)
  A draconian monk (Zig:13)
  7 nagarajas
  A shadow dragon (Zot:2)
  An iron dragon (Dis:7)
  A ghost moth (Zig:18)
  An emperor scorpion (Zig:18)
  A draconian annihilator (Zot:4)
  3 orc warlords (Zig:24)
  2 draconian shifters
  2 very ugly things
  A war gargoyle (Dis:7)
  2 reapers
  A stone giant (Zig:24)
  4 black draconians
  4 green draconians
  A blizzard demon (Abyss:3)
  2 kraken zombies
  A green death (Zig:9)
  A mummy priest (Tomb:1)
  A vault guard (Vaults:1)
  An ice dragon (Depths:2)
  A catoblepas (Abyss:2)
  A hydra (Swamp:2)
  2 death scarabs
  2 hell hogs
  2 titan zombies
  A shock serpent (Zig:21)
  An iron troll (Dis:7)
  A wretched star (Abyss:3)
  A skeletal warrior (Coc:7)
  A spectral yaktaur (Zig:2)
  2 golden dragon zombies
  12 starcursed masses
  A sixfirhy (Abyss:1)
  A shambling mangrove (Abyss:3)
  An unseen horror (Abyss:2)
  An ironbrand convoker (Zig:16)
  A large abomination (Abyss:1)
  A shadow dragon zombie (Dis:3)
  A frost giant zombie (Tar:1)
  A tengu skeleton (Zig:23)
  An orc sorcerer (Zig:24)
  An iron dragon zombie (Zig:23)
  A slime creature (Zig:8)
  A stone giant skeleton (Zig:7)
  A sphinx skeleton (Zig:23)
  2 moths of wrath
  2 black mambas (Zig:21)
  A fire giant skeleton (Zig:7)
  A smoke demon (Hell)
  5 guardian mummies
  A red devil (Zig:23)
  5 hornets
  A harpy skeleton (Abyss:1)
  5 raiju
  An ice dragon zombie (Dis:7)
  A flying skull (Dis:7)
  An ushabti (Tomb:1)
  2 tarantellas (Zig:17)
  A wraith (Zig:23)
  2 redbacks
  2 shadows
  2 water elementals
  A golden eye (Abyss:1)
  A neqoxec (Abyss:2)
  A warg (Zig:24)
  A spatial vortex (Abyss:1)
  A water moccasin (shapeshifter) (Vaults:5)
  A water moccasin (Zig:15)
  A swamp drake (Zig:19)
  An orc warrior (Zig:24)
  An ice beast (Coc:4)
  8 small abominations (Abyss:1)
  8 wights
  An iron imp (Dis:7)
  23 mummies
  3 shadow imps
  A white imp (Abyss:1)
  5 ufetubi
  An orc (Vaults:5)
  A lurking horror (Abyss:1)
  A plant (Zig:21)
  5 starspawn tentacles
199 creatures vanquished.

Vanquished Creatures (others)
  A deep elf master archer (Elf:3)
  2 eldritch tentacles
  2 nagarajas (Zig:26)
  A frost giant (Depths:1)
  A very ugly thing (Depths:4)
  3 stone giants
  A yaktaur captain (Depths:2)
  3 centaur warriors
  4 hell hogs
  37 death scarabs
  A naga sharpshooter (Snake:3)
  A deep elf knight (Elf:1)
  A skeletal warrior (Tomb:2)
  A golden dragon zombie (Tomb:3)
  A deep elf archer (Vaults:2)
  A stone giant zombie (Tomb:2)
  A black mamba (Zig:26)
  A smoke demon (Abyss:1)
  9 yaktaurs
  A hornet (Abyss:3)
  6 humans (Swamp:4)
  A water elemental (Abyss:3)
  A golden eye (shapeshifter) (Elf:1)
  A swamp worm (Swamp:3)
  A naga (Snake:4)
  An orc warrior (Vaults:2)
  A swamp drake (Swamp:3)
  A large abomination (Abyss:1)
  A snapping turtle skeleton (Tomb:3)
  5 centaurs
  3 starcursed masses (Abyss:1)
  2 small abominations
  A white imp (Abyss:1)
  2 ufetubi
  A ball lightning (Coc:6)
  3 orcs
  7 briar patches (Abyss:3)
  163 bushes
  2054 fire vortices
  43 fungi
  4 lurking horrors
  69 plants
  101 starspawn tentacles
  9 tentacles
2554 creatures vanquished.

Grand Total: 10646 creatures vanquished

Notes
Turn   | Place    | Note
-------+----------+-------------------------------------------
     0 | D:1      | Kriby the Mummy Fire Elementalist began the quest for the Orb.
     0 | D:1      | Reached XP level 1. HP: 13/13 MP: 4/4
    34 | D:1      | Reached skill level 1 in Conjurations
   171 | D:1      | Reached XP level 2. HP: 19/19 MP: 0/6
   973 | D:2      | Reached XP level 3. HP: 18/24 MP: 0/7
  1261 | D:2      | Found a burning altar of Makhleb.
  2009 | D:2      | Reached XP level 4. HP: 30/30 MP: 5/9
  3076 | D:3      | Reached XP level 5. HP: 20/35 MP: 3/10
  3518 | D:3      | Noticed Robin
  3532 | D:3      | Learned a level 3 spell: Conjure Flame
  3610 | D:3      | Killed Robin
  3634 | D:3      | Learned a level 4 spell: Sticky Flame
  3637 | D:3      | Learned a level 2 spell: Throw Flame
  4428 | D:3      | Found a faded altar of an unknown god.
  4856 | D:4      | Reached XP level 6. HP: 31/41 MP: 12/12
  4942 | D:4      | Found Plog's Magic Scroll Shoppe.
  4948 | D:4      | Bought a scroll of identify for 20 gold pieces
  4948 | D:4      | Bought a scroll of magic mapping for 35 gold pieces
  4948 | D:4      | Bought a scroll of teleportation for 30 gold pieces
  4948 | D:4      | Bought a scroll of blinking for 75 gold pieces
  4982 | D:4      | Found a staircase to the Ecumenical Temple.
  5018 | Temple   | Entered the Ecumenical Temple
  5167 | Temple   | Became a worshipper of Sif Muna the Loreminder
  5887 | D:5      | Entered Level 5 of the Dungeon
  6306 | D:5      | Noticed an ice beast
  6313 | D:5      | Killed an ice beast
  6313 | D:5      | Reached skill level 5 in Spellcasting
  6313 | D:5      | Reached XP level 7. HP: 46/46 MP: 13/14
  7162 | D:5      | Reached * piety under Sif Muna
  7692 | D:6      | Learned a level 5 spell: Fireball
  8788 | D:6      | Reached XP level 8. HP: 50/52 MP: 18/18
  8826 | D:6      | Reached skill level 5 in Conjurations
  9163 | D:6      | Found a white marble altar of Elyvilon.
  9440 | D:6      | Reached ** piety under Sif Muna
  9440 | D:6      | Reached skill level 5 in Fire Magic
 10673 | D:7      | Reached XP level 9. HP: 53/57 MP: 22/22
 10678 | D:7      | Learned a level 3 spell: Stone Arrow
 10768 | D:7      | Noticed lupus83's ghost (novice DECj)
 11270 | D:7      | Killed lupus83's ghost
 11270 | D:7      | Reached *** piety under Sif Muna
 11270 | D:7      | Reached skill level 10 in Spellcasting
 11438 | D:7      | Found Picuckeo's Assorted Antiques.
 11473 | D:7      | Found a sparkling altar of Nemelex Xobeh.
 12666 | D:7      | Reached skill level 1 in Earth Magic
 13395 | D:4      | Bought a scroll of teleportation for 30 gold pieces
 13395 | D:4      | Bought a scroll of remove curse for 30 gold pieces
 13395 | D:4      | Bought a scroll of magic mapping for 35 gold pieces
 13395 | D:4      | Bought a scroll of enchant weapon for 75 gold pieces
 13482 | D:7      | Bought a scroll labeled POATUOFRUIVI for 30 gold pieces
 13606 | D:8      | Reached **** piety under Sif Muna
 14243 | D:8      | Reached XP level 10. HP: 63/63 MP: 25/25
 14552 | D:8      | Found a shadowy altar of Dithmenos.
 14701 | D:9      | Noticed Herrn's ghost (novice NaMo)
 14728 | D:9      | Killed Herrn's ghost
 15609 | D:9      | Reached ***** piety under Sif Muna
 15714 | D:9      | Found an ancient bone altar of Kikubaaqudgha.
 15730 | D:9      | Learned a level 2 spell: Blink
 15924 | D:9      | Found a snail-covered altar of Cheibriados.
 16351 | D:9      | Identified Sif Muna's Almanac of Lethal Stones (Sif Muna gifted it to you on level 9 of the Dungeon)
 16351 | D:9      | Received a gift from Sif Muna
 16629 | D:10     | Entered Level 10 of the Dungeon
 17002 | D:10     | Noticed an unseen horror
 17005 | D:10     | Killed an unseen horror
 17005 | D:10     | Reached XP level 11. HP: 49/68 MP: 27/27
 17104 | D:10     | Found a staircase to the Lair.
 17419 | D:10     | Found a blossoming altar of Fedhas.
 17474 | D:10     | Noticed Joseph
 17686 | D:10     | Killed Joseph
 19051 | D:11     | Noticed Maurice
 19055 | D:11     | Killed Maurice
 19520 | D:8      | Got a scorched falchion
 19522 | D:8      | Identified the +6 falchion "Reacugu" {slice, Int+4} (You found it on level 8 of the Dungeon)
 19689 | D:11     | Found a staircase to the Orcish Mines.
 19954 | D:11     | Noticed a centaur warrior
 19957 | D:11     | Killed a centaur warrior
 19957 | D:11     | Received a gift from Sif Muna
 20130 | D:11     | Found a snail-covered altar of Cheibriados.
 20735 | Lair:1   | Entered Level 1 of the Lair of Beasts
 21296 | Lair:1   | Noticed Sonja
 21301 | Lair:1   | Killed Sonja
 21301 | Lair:1   | Reached XP level 12. HP: 74/74 MP: 8/30
 21979 | Lair:1   | Noticed an eight-headed hydra
 21990 | Lair:1   | Killed an eight-headed hydra
 22154 | Lair:2   | Learned a level 7 spell: Delayed Fireball
 22252 | Lair:2   | Reached skill level 15 in Spellcasting
 24097 | Lair:3   | Identified Laesasay's Compendium of Creative Arcane Weapons (Sif Muna gifted it to you on level 3 of the Lair of Beasts)
 24097 | Lair:3   | Received a gift from Sif Muna
 24107 | Lair:3   | Learned a level 7 spell: Orb of Destruction
 24447 | Lair:3   | Noticed Fannar
 24451 | Lair:3   | Killed Fannar
 25174 | Lair:3   | Identified a scroll of acquirement
 25175 | Lair:3   | Got an ichor-stained cloak
 25176 | Lair:3   | Identified the +3 cloak "Xoemilel" {+Inv Str+4 Int+3} (You acquired it on level 3 of the Lair of Beasts)
 25593 | Lair:4   | Found a staircase to the Snake Pit.
 25629 | Lair:4   | Noticed Josephine
 25955 | Lair:4   | Noticed Nergalle
 26075 | Lair:4   | Killed Nergalle
 26675 | Lair:4   | Killed Josephine
 26682 | Lair:4   | Gained mutation: You are in touch with the powers of death. [Mummy growth]
 26682 | Lair:4   | Reached XP level 13. HP: 79/79 MP: 18/33
 27057 | Lair:4   | Found a staircase to the Swamp.
 27549 | Lair:4   | Found a runed door.
 27663 | Lair:4   | Reached skill level 5 in Dodging
 28129 | Lair:5   | Identified Sif Muna's Catalogue of the Traveller and Feathers (Sif Muna gifted it to you on level 5 of the Lair of Beasts)
 28129 | Lair:5   | Received a gift from Sif Muna
 28135 | Lair:5   | Reached skill level 1 in Fighting
 28337 | Lair:5   | Learned a level 2 spell: Repel Missiles
 28884 | Lair:5   | Noticed an entropy weaver
 28887 | Lair:5   | Killed an entropy weaver
 28952 | Lair:5   | Found a staircase to the Slime Pits.
 28969 | Lair:5   | Noticed an entropy weaver
 28972 | Lair:5   | Killed an entropy weaver
 29747 | Lair:6   | Entered Level 6 of the Lair of Beasts
 29755 | Lair:6   | Reached skill level 10 in Conjurations
 30607 | Lair:6   | Learned a level 5 spell: Bolt of Magma
 30692 | Lair:6   | Reached skill level 10 in Fire Magic
 31315 | Lair:6   | Reached XP level 14. HP: 95/95 MP: 25/35
 31676 | Lair:6   | Identified Lisusuna's Compendium of Confrontation (Sif Muna gifted it to you on level 6 of the Lair of Beasts)
 31676 | Lair:6   | Received a gift from Sif Muna
 32738 | Lair:6   | Identified the cursed +0 ring mail of the Game Afoot {rElec rF- Int+6} (You found it on level 6 of the Lair of Beasts)
 32888 | Lair:6   | Reached skill level 5 in Fighting
 33215 | Swamp:1  | Entered Level 1 of the Swamp
 34243 | Swamp:2  | Reached skill level 5 in Earth Magic
 35592 | Swamp:2  | Identified Xuvot's Handbook of Boosts and Hexes (Sif Muna gifted it to you on level 2 of the Swamp)
 35592 | Swamp:2  | Received a gift from Sif Muna
 36603 | Swamp:3  | Reached ****** piety under Sif Muna
 36617 | Swamp:3  | Noticed a thorn hunter
 36670 | Swamp:3  | Killed a thorn hunter
 37033 | Swamp:3  | Noticed a thorn hunter
 37039 | Swamp:3  | Killed a thorn hunter
 37178 | Swamp:3  | Found an opulent altar of Gozag.
 37234 | Swamp:3  | Reached XP level 15. HP: 106/106 MP: 21/37
 37256 | Swamp:3  | Reached skill level 1 in Invocations
 37514 | Swamp:3  | Noticed Louise
 37529 | Swamp:3  | Killed Louise
 37990 | Swamp:4  | Entered Level 4 of the Swamp
 38747 | Swamp:4  | Noticed the 27-headed Lernaean hydra
 38974 | Swamp:4  | Noticed Kirke
 38977 | Swamp:4  | Killed Kirke
 38989 | Swamp:2  | Identified Sueziaf's Handbook of Lethal Shape Shifting (Sif Muna gifted it to you on level 2 of the Swamp)
 38989 | Swamp:2  | Received a gift from Sif Muna
 39376 | Snake:1  | Entered Level 1 of the Snake Pit
 39586 | Orc:1    | Entered Level 1 of the Orcish Mines
 39921 | Orc:2    | Entered Level 2 of the Orcish Mines
 40714 | Orc:2    | Found a staircase to the Elven Halls.
 41156 | Orc:2    | Reached skill level 5 in Invocations
 41361 | Orc:2    | Found Vullocla's General Store.
 41361 | Orc:2    | Found Herph's Armour Shop.
 41363 | Orc:2    | Found Wefaikeg's Weapon Emporium.
 41363 | Orc:2    | Found Iduklyjai's Jewellery Shop.
 41369 | Orc:2    | Bought a scroll of blinking for 127 gold pieces
 42345 | Swamp:4  | Noticed Donald
 43044 | Swamp:4  | Reached XP level 16. HP: 74/113 MP: 37/39
 43047 | Swamp:4  | Identified Sif Muna's Papyrus of Earthen Lightness (Sif Muna gifted it to you on level 4 of the Swamp)
 43047 | Swamp:4  | Received a gift from Sif Muna
 43524 | Swamp:4  | Killed Donald
 44831 | Swamp:4  | Killed the 27-headed Lernaean hydra
 44955 | Swamp:4  | Got a decaying rune of Zot
 46966 | Snake:1  | Identified the +2 cloak of Instinct {rElec rC+} (You acquired it on level 1 of the Snake Pit)
 47114 | Snake:1  | Reached skill level 1 in Shields
 48386 | Snake:2  | Noticed Aizul
 48393 | Snake:2  | Killed Aizul
 48395 | Snake:2  | Reached skill level 5 in Shields
 49142 | Snake:2  | Reached XP level 17. HP: 118/118 MP: 19/40
 49416 | Snake:2  | Found Hoeschafo's Gadget Shop.
 49530 | Snake:2  | Found Cyzxef's Armour Shop.
 49744 | Snake:2  | Received a gift from Sif Muna
 50280 | Snake:3  | Noticed Mara
 50974 | Snake:3  | Noticed Azrael
 50977 | Snake:3  | Killed Azrael
 51458 | Snake:3  | Noticed Kriby's illusion
 51791 | Snake:3  | Killed Mara
 52195 | Snake:3  | Identified Sif Muna's Last Secrets of Spellweaving (Sif Muna gifted it to you on level 3 of the Snake Pit)
 52195 | Snake:3  | Received a gift from Sif Muna
 52425 | Snake:3  | Found a deep blue altar of Sif Muna.
 53419 | Snake:4  | Entered Level 4 of the Snake Pit
 54340 | Snake:4  | Reached XP level 18. HP: 125/125 MP: 32/42
 55486 | Snake:4  | Identified Xackeloda's Disquisition on the Floating Traveller (Sif Muna gifted it to you on level 4 of the Snake Pit)
 55486 | Snake:4  | Received a gift from Sif Muna
 56873 | Snake:4  | Got a serpentine rune of Zot
 57961 | Snake:4  | Identified Sif Muna's Grimoire of Combat Magic (Sif Muna gifted it to you on level 4 of the Snake Pit)
 57961 | Snake:4  | Received a gift from Sif Muna
 59239 | D:12     | Noticed WhatIsLove's ghost (journeyman TeCj)
 59241 | D:12     | Killed WhatIsLove's ghost
 61069 | D:13     | Reached XP level 19. HP: 130/130 MP: 28/44
 61161 | D:13     | Found a gate to the Vaults.
 61417 | D:13     | Upgraded the game from 0.20-a0-432-g25cc1b4 to 0.20-a0-433-g9e36e56
 61814 | D:14     | Found a flagged portal.
 61826 | Bailey   | Entered a bailey
 62329 | Bailey   | Identified Sif Muna's Compendium of Combat Magic (Sif Muna gifted it to you in a bailey)
 62329 | Bailey   | Received a gift from Sif Muna
 62836 | D:14     | Noticed Agnes
 62842 | D:14     | Killed Agnes
 63161 | D:14     | Got a bloodstained dagger {venom}
 63162 | D:14     | Identified the +3 dagger "Giantbane" {venom, MR+} (You took it off a crimson imp on level 14 of the Dungeon)
 63590 | D:15     | Entered Level 15 of the Dungeon
 63793 | D:14     | Learned a level 5 spell: Poisonous Cloud
 64662 | D:15     | Found a staircase to the Depths.
 64791 | D:15     | Reached skill level 10 in Invocations
 66194 | Slime:1  | Entered Level 1 of the Pits of Slime
 66579 | Lair:5   | Identified Sif Muna's Guide on Conjuration (Sif Muna gifted it to you on level 5 of the Lair of Beasts)
 66579 | Lair:5   | Received a gift from Sif Muna
 67358 | Slime:1  | Found a viscous altar of Jiyva.
 67957 | Vaults:1 | Entered Level 1 of the Vaults
 68421 | Vaults:1 | Found Leziliepn's Food Emporium.
 68712 | Vaults:1 | Reached skill level 15 in Fire Magic
 68748 | Vaults:1 | Reached skill level 15 in Conjurations
 69157 | Vaults:1 | Identified Sif Muna's Catalogue of Slavery and Clay (Sif Muna gifted it to you on level 1 of the Vaults)
 69157 | Vaults:1 | Received a gift from Sif Muna
 69500 | Vaults:1 | Reached XP level 20. HP: 108/137 MP: 40/46
 69604 | Vaults:1 | Learned a level 9 spell: Fire Storm
 71747 | Vaults:2 | Identified Zothutsu's Catalogue of Arcane Weapons (Sif Muna gifted it to you on level 2 of the Vaults)
 71747 | Vaults:2 | Received a gift from Sif Muna
 72010 | Vaults:2 | Identified the ring "Dupuups" {MR+ Int+3 Stlth+} (You took it off a deep elf sorcerer on level 2 of the Vaults)
 72685 | Vaults:2 | Identified the ring "Lusitz" {rF- rC- Int+7 Dex+2 Slay+5} (You acquired it on level 2 of the Vaults)
 73357 | Vaults:2 | Identified Sif Muna's Tome of Greatest Risks and Utility (Sif Muna gifted it to you on level 2 of the Vaults)
 73357 | Vaults:2 | Received a gift from Sif Muna
 74522 | Vaults:2 | Found a staircase to the Crypt.
 74998 | Vaults:3 | Reached XP level 21. HP: 142/142 MP: 47/47
 75953 | Vaults:3 | Identified the ring of Uliuxtew {rPois rC- rN+ MR++ Stlth+} (You acquired it on level 3 of the Vaults)
 76215 | Vaults:3 | Received a gift from Sif Muna
 76707 | Vaults:3 | Learned a level 3 spell: Ignite Poison
 77926 | Vaults:3 | Noticed Jory
 78876 | Vaults:3 | Found a portal to a secret trove of treasure.
 79010 | Vaults:3 | Killed Jory
 79815 | Vaults:4 | Noticed Jorgrun
 79821 | Vaults:4 | Identified Vyachicu's Tome of the Excruciating Blaze (Sif Muna gifted it to you on level 4 of the Vaults)
 79821 | Vaults:4 | Received a gift from Sif Muna
 79828 | Vaults:4 | Killed Jorgrun
 81464 | Vaults:4 | Reached XP level 22. HP: 149/149 MP: 25/48
 81962 | Vaults:4 | Identified Sif Muna's Guide on Destructive Venom (Sif Muna gifted it to you on level 4 of the Vaults)
 81962 | Vaults:4 | Received a gift from Sif Muna
 83944 | Crypt:1  | Entered Level 1 of the Crypt
 85719 | Crypt:2  | Received a gift from Sif Muna
 87065 | Crypt:3  | Entered Level 3 of the Crypt
 88077 | Crypt:3  | Noticed Sojobo
 88090 | Crypt:3  | Killed Sojobo
 88789 | Crypt:3  | Noticed Saint Roka
 88796 | Crypt:3  | Killed Saint Roka
 88796 | Crypt:3  | Identified Meresoga's Catalogue of Fetching Arcane Weapons (Sif Muna gifted it to you on level 3 of the Crypt)
 88796 | Crypt:3  | Received a gift from Sif Muna
 88796 | Crypt:3  | Reached XP level 23. HP: 141/154 MP: 14/49
 89040 | Crypt:3  | Identified the ring "Gabbun" {*Slow rF+++ rN+ Dex+4} (You took it off a skeletal warrior on level 3 of the Crypt)
 90592 | Crypt:3  | Identified the cursed +0 scimitar "Tattletale" {slice, rC+ Str+3} (You took it off a necromancer on level 3 of the Crypt)
 90636 | Crypt:3  | Noticed an ancient lich
 90640 | Crypt:3  | Killed an ancient lich
 90640 | Crypt:3  | Received a gift from Sif Muna
 90644 | Crypt:3  | Learned a level 2 spell: Shroud of Golubria
 90787 | Crypt:3  | Found an ancient bone altar of Kikubaaqudgha.
 90811 | Crypt:3  | Got a steaming cloak
 90812 | Crypt:3  | Identified the +2 cloak of the Clam {*Slow rElec rF- Int+7} (You found it on level 3 of the Crypt)
 91559 | Crypt:3  | Found a staircase to the Tomb.
 92127 | Elf:1    | Entered Level 1 of the Elven Halls
 92725 | Elf:1    | Identified the cursed +1 short sword of Past Mistakes {freeze, rPois rF- Int+4 Dex+2} (You took it off a deep elf high priest on level 1 of the Elven Halls)
 94403 | Elf:2    | Found Rapremar's Armour Emporium.
 94518 | Elf:2    | Bought the +1 pair of gloves of Impressiveness {Dex+7} for 405 gold pieces
 94797 | Elf:2    | Identified the Tome of Curses and Unholy Secrets
 94853 | Elf:2    | Identified Sif Muna's Almanac of Darkness (Sif Muna gifted it to you on level 2 of the Elven Halls)
 94853 | Elf:2    | Received a gift from Sif Muna
 94942 | Elf:2    | Found a runed gate.
 94942 | Elf:2    | Found a runed gate.
 94942 | Elf:2    | Found a runed gate.
 96017 | Elf:2    | Reached XP level 24. HP: 105/160 MP: 15/49
 96727 | Elf:3    | Entered Level 3 of the Elven Halls
 97953 | Elf:3    | Identified Lovvue's Papyrus of Weightlessness (Sif Muna gifted it to you on level 3 of the Elven Halls)
 97953 | Elf:3    | Received a gift from Sif Muna
 98581 | Elf:3    | Got a coiled jade ring
 99104 | Elf:3    | Identified the ring of Tuill {*Slow rF+ Str+4} (You took it off a deep elf master archer on level 3 of the Elven Halls)
 99106 | Elf:3    | Identified the ring "Sirik" {*Tele rF+ Dex+5} (You took it off a deep elf blademaster on level 3 of the Elven Halls)
 99107 | Elf:3    | Identified the +5 ring mail "Irphuzesh" {rN+ Regen+} (You took it off a deep elf blademaster on level 3 of the Elven Halls)
 99202 | Elf:3    | Identified the ring "Ecipsoergh" {+Inv rC+} (You acquired it on level 3 of the Elven Halls)
 99766 | Elf:3    | Identified the amulet of Sunlight {Reflect +Blink rElec Str+3 SH+6 Stlth+} (You took it off a deep elf sorcerer on level 3 of the Elven Halls)
 99848 | Elf:3    | Got a pitted ivory ring
 99849 | Elf:3    | Identified the ring "Taihio" {Fire *Drain MP+9 Stlth+} (You found it on level 3 of the Elven Halls)
 99850 | Elf:3    | Identified the Catalogue of Supportive Darkness
 99855 | Elf:3    | Identified the amulet of the Madman {Faith Str-3 Dex+6} (You found it on level 3 of the Elven Halls)
 99924 | Elf:3    | Identified the Volume of Enthralling Changing
 99946 | Elf:3    | Identified the Incunabulum of Fire and Clay
100463 | Depths:1 | Entered Level 1 of the Depths
101954 | Slime:3  | Received a gift from Sif Muna
102998 | Orc:2    | Bought an uncursed ring of resist corrosion for 260 gold pieces
103876 | Slime:5  | Entered Level 5 of the Pits of Slime
104029 | Slime:5  | Noticed the Royal Jelly
105689 | Slime:5  | Reached XP level 25. HP: 150/166 MP: 45/49
105914 | Slime:2  | Identified Sif Muna's Grimoire of Confrontation (Sif Muna gifted it to you on level 2 of the Pits of Slime)
105914 | Slime:2  | Received a gift from Sif Muna
107364 | Slime:5  | Killed the Royal Jelly
108184 | Slime:5  | Got a clouded turquoise ring
108185 | Slime:5  | Identified the ring "Elusk" {+Fly Str+6 Stlth+} (You found it on level 5 of the Pits of Slime)
108193 | Slime:5  | Got a shimmering ivory ring
108196 | Slime:5  | Identified the ring "Wakonekh" {rF+ Str+2 Dex+4} (You found it on level 5 of the Pits of Slime)
108218 | Slime:5  | Got a slimy rune of Zot
108234 | Slime:5  | Identified the Handbook of Destructive Good Luck
108390 | Slime:5  | Identified the cursed +1 ring mail "Momimewk" {Stlth+} (You found it on level 5 of the Pits of Slime)
109718 | Depths:1 | Identified Ijishr Ryiro's Handbook of Conjuration (Sif Muna gifted it to you on level 1 of the Depths)
109718 | Depths:1 | Received a gift from Sif Muna
110571 | Depths:1 | Identified the ring "Nyizaruts" {+Fly EV+4 Int+3 Dex+4} (You found it on level 1 of the Depths)
110681 | Depths:1 | Found a gateway to a ziggurat.
111231 | Depths:1 | Found a gateway to Hell.
111280 | Depths:1 | Found Higicys's Book Shop.
111394 | Depths:1 | Found Tase's Book Boutique.
111394 | Depths:1 | Found Fyfirutz's Distillery.
111399 | Depths:1 | Found Rawear's Gadget Boutique.
111456 | Depths:1 | Identified Sif Muna's Guide on Evil Heat (Sif Muna gifted it to you on level 1 of the Depths)
111456 | Depths:1 | Received a gift from Sif Muna
111463 | Depths:1 | Learned a level 5 spell: Dispel Undead
113751 | Depths:3 | Identified Sif Muna's Grimoire of Conjuration (Sif Muna gifted it to you on level 3 of the Depths)
113751 | Depths:3 | Received a gift from Sif Muna
114710 | Depths:3 | Noticed the Enchantress
114833 | Depths:3 | Gained mutation: You are strongly in touch with the powers of death. [Mummy growth]
114833 | Depths:3 | Reached XP level 26. HP: 172/172 MP: 49/49
115252 | Depths:3 | Identified Sif Muna's Catalogue of Unstable Combat Magic (Sif Muna gifted it to you on level 3 of the Depths)
115252 | Depths:3 | Received a gift from Sif Muna
115639 | Depths:3 | Found Tiaty's Jewellery Shoppe.
115639 | Depths:3 | Found Soympaw's Gadget Shop.
115640 | Depths:3 | Found Ginled's Gadget Shop.
115647 | Depths:3 | Bought the ring "Acaiblo" {rC++ MR- MP+9 Int+5} for 1045 gold pieces
116500 | Depths:3 | Killed the Enchantress
116860 | Depths:3 | Found a one-way gate leading to the halls of Pandemonium.
116883 | Depths:3 | Identified the +0 faerie dragon scales {*Contam rF++ rCorr Str+2} (You took it off the Enchantress on level 3 of the Depths)
117292 | Depths:4 | Found a one-way gate to the infinite horrors of the Abyss.
117882 | Depths:4 | Learned a level 8 spell: Controlled Blink
118059 | Depths:4 | Identified the +7 mace of Ylegin {freeze, rPois} (You took it off a yaktaur captain on level 4 of the Depths)
118157 | Depths:4 | Received a gift from Sif Muna
119947 | Depths:4 | Identified Sif Muna's Tome of Attacks (Sif Muna gifted it to you on level 4 of the Depths)
119947 | Depths:4 | Received a gift from Sif Muna
120276 | Depths:5 | Entered Level 5 of the Depths
121002 | Depths:5 | Reached XP level 27. HP: 178/178 MP: 50/50
121377 | Depths:5 | Identified Sowkurr's Incunabulum of Fetching Changing (Sif Muna gifted it to you on level 5 of the Depths)
121377 | Depths:5 | Received a gift from Sif Muna
122162 | Depths:5 | Found a gate to the Realm of Zot.
123076 | Vaults:5 | Entered Level 5 of the Vaults
123640 | Vaults:4 | Identified Conk's Catalogue of Attacks (Sif Muna gifted it to you on level 4 of the Vaults)
123640 | Vaults:4 | Received a gift from Sif Muna
124711 | Vaults:5 | Noticed Xtahua
125029 | Vaults:4 | Killed Xtahua
125565 | Vaults:5 | Noticed Mennas
125809 | Vaults:5 | Received a gift from Sif Muna
126041 | Vaults:5 | Identified the cursed +0 battleaxe of Nightmares {flame, Str+2} (You took it off a yaktaur captain on level 5 of the Vaults)
127383 | Vaults:5 | Identified Sif Muna's Incunabulum of the Destructive Blaze (Sif Muna gifted it to you on level 5 of the Vaults)
127383 | Vaults:5 | Received a gift from Sif Muna
127417 | Vaults:5 | Found Nepietue's Armour Shoppe.
127421 | Vaults:5 | Identified the Incunabulum of Unstable Conjuration
127685 | Vaults:5 | Killed Mennas
128393 | Vaults:5 | Got a silver rune of Zot
128963 | Vaults:5 | Received a gift from Sif Muna
128975 | Vaults:5 | Learned a level 6 spell: Deflect Missiles
129544 | Zot:1    | Entered Level 1 of the Realm of Zot
129911 | Zot:1    | Reached skill level 27 in Spellcasting
130350 | Zot:1    | Reached skill level 1 in Armour
134014 | Zot:2    | Reached skill level 10 in Dodging
134189 | Zot:3    | Reached skill level 5 in Armour
136681 | Zot:4    | Identified Sif Muna's Tome of Battle Magic (Sif Muna gifted it to you on level 4 of the Realm of Zot)
136681 | Zot:4    | Received a gift from Sif Muna
136940 | Zot:4    | Reached skill level 10 in Armour
139279 | Tomb:1   | Entered Level 1 of the Tomb of the Ancients
139700 | Tomb:1   | Identified Acubi's Tome of the Scorching Mountains (Sif Muna gifted it to you on level 1 of the Tomb of the Ancients)
139700 | Tomb:1   | Received a gift from Sif Muna
139781 | Tomb:1   | Noticed a greater mummy
139788 | Tomb:1   | Killed a greater mummy
141230 | Tomb:2   | Noticed Boris
141232 | Tomb:2   | Killed Boris
141233 | Tomb:2   | Noticed a greater mummy
141236 | Tomb:2   | Noticed a greater mummy
141236 | Tomb:2   | Noticed a greater mummy
141389 | Tomb:2   | Noticed a greater mummy
141391 | Tomb:2   | Killed a greater mummy
141392 | Tomb:2   | Killed a greater mummy
141394 | Tomb:2   | Killed a greater mummy
141553 | Tomb:2   | Killed a greater mummy
141903 | Tomb:2   | Noticed CDDA's ghost (legendary TrMo)
141921 | Tomb:2   | Killed CDDA's ghost
142366 | Tomb:1   | Noticed a greater mummy
142366 | Tomb:1   | Noticed a greater mummy
142372 | Tomb:1   | Killed a greater mummy
142375 | Tomb:1   | Noticed a greater mummy
142375 | Tomb:1   | Killed a greater mummy
143108 | Tomb:2   | Killed a greater mummy
143336 | Tomb:1   | Noticed a greater mummy
143339 | Tomb:1   | Killed a greater mummy
143339 | Tomb:1   | Reached skill level 15 in Armour
143342 | Tomb:1   | Noticed a greater mummy
143346 | Tomb:1   | Killed a greater mummy
143354 | Tomb:1   | Noticed a greater mummy
143358 | Tomb:1   | Killed a greater mummy
143374 | Tomb:1   | Noticed a greater mummy
143376 | Tomb:1   | Killed a greater mummy
143533 | Tomb:1   | Noticed a greater mummy
143537 | Tomb:1   | Killed a greater mummy
143545 | Tomb:1   | Noticed a greater mummy
143547 | Tomb:1   | Killed a greater mummy
143672 | Tomb:1   | Noticed a greater mummy
143672 | Tomb:1   | Noticed a greater mummy
143675 | Tomb:1   | Killed a greater mummy
143676 | Tomb:1   | Killed a greater mummy
143677 | Tomb:1   | Noticed a greater mummy
143691 | Tomb:1   | Killed a greater mummy
143692 | Tomb:1   | Noticed a greater mummy
143883 | Tomb:1   | Killed a greater mummy
143943 | Tomb:1   | Noticed a greater mummy
143946 | Tomb:1   | Killed a greater mummy
144023 | Tomb:1   | Noticed a greater mummy
144025 | Tomb:1   | Killed a greater mummy
144208 | Tomb:1   | Noticed a greater mummy
144211 | Tomb:1   | Killed a greater mummy
144216 | Tomb:1   | Noticed a greater mummy
144217 | Tomb:1   | Killed a greater mummy
144487 | Tomb:1   | Noticed a greater mummy
144490 | Tomb:1   | Killed a greater mummy
144510 | Tomb:1   | Noticed a greater mummy
144512 | Tomb:1   | Killed a greater mummy
144518 | Tomb:1   | Noticed a greater mummy
144519 | Tomb:1   | Killed a greater mummy
144706 | Tomb:1   | Noticed a greater mummy
144709 | Tomb:1   | Killed a greater mummy
144709 | Tomb:1   | Identified Sif Muna's Catalogue of Execration (Sif Muna gifted it to you on level 1 of the Tomb of the Ancients)
144709 | Tomb:1   | Received a gift from Sif Muna
144782 | Tomb:1   | Noticed a greater mummy
144786 | Tomb:1   | Killed a greater mummy
144894 | Tomb:1   | Noticed a greater mummy
144896 | Tomb:1   | Killed a greater mummy
145373 | Tomb:3   | Entered Level 3 of the Tomb of the Ancients
145387 | Tomb:3   | Noticed a greater mummy
145389 | Tomb:3   | Killed a greater mummy
145391 | Tomb:3   | Noticed an ancient lich
145394 | Tomb:3   | Noticed a greater mummy
145397 | Tomb:3   | Noticed a greater mummy
145398 | Tomb:3   | Killed an ancient lich
145398 | Tomb:3   | Killed a greater mummy
145398 | Tomb:3   | Killed a greater mummy
145600 | Tomb:3   | Noticed an ancient lich
145602 | Tomb:3   | Killed an ancient lich
145764 | Tomb:3   | Noticed a greater mummy
145764 | Tomb:3   | Killed a greater mummy
146014 | Tomb:3   | Identified the Tome of Untold Secrets
146401 | Tomb:3   | Noticed a greater mummy
146404 | Tomb:3   | Killed a greater mummy
146513 | Tomb:3   | Got a golden rune of Zot
146529 | Tomb:3   | Noticed Khufu
146531 | Tomb:3   | Killed Khufu
146533 | Tomb:3   | Noticed a greater mummy
146535 | Tomb:3   | Noticed a greater mummy
146535 | Tomb:3   | Killed a greater mummy
146537 | Tomb:3   | Killed a greater mummy
146668 | Tomb:3   | Noticed a greater mummy
146671 | Tomb:3   | Killed a greater mummy
146769 | Tomb:3   | Noticed a greater mummy
146772 | Tomb:3   | Killed a greater mummy
147062 | Tomb:3   | Identified the Reference Book on Flying Aid
147064 | Tomb:3   | Identified the ring "Xayhakherek" {MP+9 Int-4 Dex+4 Stlth+} (You found it on level 3 of the Tomb of the Ancients)
147066 | Tomb:3   | Identified Sif Muna's Guide on the Rocks and the Volcanoes
147200 | Tomb:3   | Identified the +5 halberd "Ujomman" {drain, -Tele rC+ Str+5 SInv} (You found it on level 3 of the Tomb of the Ancients)
148004 | Hell     | Entered the Vestibule of Hell
148004 | Hell     | Noticed Geryon
148012 | Hell     | Killed Geryon
148666 | Hell     | Found a gateway to the ashen valley of Gehenna.
148689 | Hell     | Identified Gahev's Reference Book on Blows and Bruises (Sif Muna gifted it to you in the Vestibule of Hell)
148689 | Hell     | Received a gift from Sif Muna
149550 | Hell     | Found a gateway to the freezing wastes of Cocytus.
149588 | Hell     | Found a gateway to the decaying netherworld of Tartarus.
149755 | Hell     | Found a gateway to the Iron City of Dis.
149848 | Coc:1    | Entered Level 1 of Cocytus
150977 | Hell     | Identified Sif Muna's Grimoire of Confrontation (Sif Muna gifted it to you in the Vestibule of Hell)
150977 | Hell     | Received a gift from Sif Muna
154206 | Coc:5    | Noticed an ancient lich
154212 | Coc:5    | Killed an ancient lich
154907 | Coc:5    | Identified Sif Muna's Reference Book on the Lethal Birds (Sif Muna gifted it to you on level 5 of Cocytus)
154907 | Coc:5    | Received a gift from Sif Muna
155681 | Coc:7    | Entered Level 7 of Cocytus
156572 | Coc:7    | Identified Xexom's Grimoire of Enthralling Weightlessness (Sif Muna gifted it to you on level 7 of Cocytus)
156572 | Coc:7    | Received a gift from Sif Muna
156868 | Coc:7    | Noticed Antaeus
156880 | Coc:7    | Killed Antaeus
156965 | Coc:7    | Got an icy rune of Zot
157012 | Coc:7    | Identified Huvit's Catalogue of Scorching Combat Magic
157015 | Coc:7    | Identified the +0 hand crossbow of Due Proportion {elec, rN+ Int-4 Dex+7} (You found it on level 7 of Cocytus)
157018 | Coc:7    | Identified the +1 helmet "Xomp" {rPois MR+ Str+3} (You found it on level 7 of Cocytus)
157892 | Tomb:3   | Identified the +1 chain mail of Honesty {MP+9 Stlth+} (You found it on level 3 of the Tomb of the Ancients)
158212 | Tomb:1   | Got an ichor-stained chain mail
158223 | Tomb:1   | Identified the cursed +1 chain mail of Disaster {rF+ Stlth+} (You found it on level 1 of the Tomb of the Ancients)
158592 | Depths:1 | Got a jewelled scale mail
158603 | Depths:1 | Identified the cursed +1 scale mail of Lugonu's Delight {Stlth+} (You found it on level 1 of the Depths)
158847 | Elf:2    | Got a faintly humming chain mail
158858 | Elf:2    | Identified the +4 chain mail "Rodelito" {+Blink Str+4} (You found it on level 2 of the Elven Halls)
159046 | D:7      | Bought a scorched scale mail for 270 gold pieces
159058 | D:7      | Identified the cursed +0 scale mail "Jiown" {rElec Int+2} (You bought it in a shop on level 7 of the Dungeon)
159266 | Elf:3    | Got an encrusted chain mail
159277 | Elf:3    | Identified the cursed +1 chain mail of Amelioration {rElec rCorr Stlth-} (You found it on level 3 of the Elven Halls)
161514 | Zig:1    | Entered Level 1 of a ziggurat
161543 | Zig:1    | Identified the +3 helmet of the Pink Corner {rPois rC+ rN+ Dex-3} (You found it on level 1 of a ziggurat)
161548 | Zig:2    | Entered Level 2 of a ziggurat
161558 | Zig:2    | Got an ichor-stained hat
161569 | Zig:2    | Identified the +2 hat "Ekeich" {rF+ rC+ Regen+ Int-2} (You acquired it on level 2 of a ziggurat)
161597 | Zig:3    | Entered Level 3 of a ziggurat
161626 | Zig:4    | Entered Level 4 of a ziggurat
161649 | Zig:5    | Entered Level 5 of a ziggurat
161725 | Zig:6    | Entered Level 6 of a ziggurat
161859 | Zig:7    | Entered Level 7 of a ziggurat
161936 | Zig:7    | Got a fine scale mail
161947 | Zig:7    | Identified the +1 scale mail of the Poles {rN+ Stlth+} (You found it on level 7 of a ziggurat)
161961 | Zig:8    | Entered Level 8 of a ziggurat
162052 | Zig:8    | Got a crude jade ring
162054 | Zig:8    | Identified the ring of Yseinet {Slay+2 Stlth-} (You found it on level 8 of a ziggurat)
162090 | Zig:9    | Entered Level 9 of a ziggurat
162122 | Zig:9    | Identified the Handbook of Transmutation and Fire
162226 | Zig:9    | Got a jewelled leather armour
162237 | Zig:9    | Identified the cursed +1 leather armour of the Shining Light {Str+6} (You found it on level 9 of a ziggurat)
162257 | Zig:10   | Entered Level 10 of a ziggurat
162266 | Zig:10   | Noticed Jioxua Ynio the pandemonium lord
162267 | Zig:10   | Identified Sif Muna's Collected Works on Arcane Weapons (Sif Muna gifted it to you on level 10 of a ziggurat)
162267 | Zig:10   | Received a gift from Sif Muna
162268 | Zig:10   | Killed Jioxua Ynio the pandemonium lord
162476 | Zig:11   | Entered Level 11 of a ziggurat
162589 | Zig:11   | Identified the Catalogue of Damaging Snow
162634 | Zig:11   | Got a transparent plate armour
162645 | Zig:11   | Identified the cursed +1 plate armour "Dohia" {+Fly Stlth+} (You found it on level 11 of a ziggurat)
162661 | Zig:12   | Entered Level 12 of a ziggurat
162810 | Zig:12   | Identified the Tome of Calling and Cold
162830 | Zig:12   | Identified the cursed +0 shield of Mowiv {Int+4} (You found it on level 12 of a ziggurat)
162833 | Zig:12   | Got a twitching bone ring
162834 | Zig:12   | Identified the cursed ring of the Assorted Emperors {rF- rC+ Str-2 Dex+3 Stlth+} (You found it on level 12 of a ziggurat)
162879 | Zig:13   | Entered Level 13 of a ziggurat
162891 | Zig:13   | Identified Sif Muna's Collected Works on Helpful Attacks (Sif Muna gifted it to you on level 13 of a ziggurat)
162891 | Zig:13   | Received a gift from Sif Muna
163092 | Zig:13   | Identified the ring "Epsuetof" {rPois EV+5 Int+3 Dex+4} (You found it on level 13 of a ziggurat)
163121 | Zig:14   | Entered Level 14 of a ziggurat
163688 | Zig:15   | Entered Level 15 of a ziggurat
163714 | Zig:15   | Identified Sif Muna's Almanac of Harmful Curses (Sif Muna gifted it to you on level 15 of a ziggurat)
163714 | Zig:15   | Received a gift from Sif Muna
163958 | Zig:15   | Got a scorched leather armour
163969 | Zig:15   | Identified the cursed +0 leather armour of Xargh {rCorr Str-2 Int+4 Stlth+} (You found it on level 15 of a ziggurat)
163984 | Zig:16   | Entered Level 16 of a ziggurat
164000 | Zig:16   | Noticed an ancient lich
164003 | Zig:16   | Noticed an ancient lich
164003 | Zig:16   | Killed an ancient lich
164004 | Zig:16   | Killed an ancient lich
164006 | Zig:16   | Noticed an ancient lich
164008 | Zig:16   | Killed an ancient lich
164008 | Zig:16   | Reached skill level 27 in Conjurations
164008 | Zig:16   | Reached skill level 27 in Fire Magic
164229 | Zig:16   | Identified the ring of Egoalop {rN+ MR+} (You found it on level 16 of a ziggurat)
164284 | Zig:16   | Got a transparent plate armour
164295 | Zig:16   | Identified the +4 plate armour of the Poles {rElec rPois MR- Dex+2} (You found it on level 16 of a ziggurat)
164310 | Zig:17   | Entered Level 17 of a ziggurat
164405 | Zig:17   | Got a clouded bone ring
164407 | Zig:17   | Identified the ring "Fixzo" {+Inv rElec MR- Str+3 Slay+3} (You found it on level 17 of a ziggurat)
164417 | Zig:17   | Identified Sif Muna's Compendium of Sinister Secrets and Envenoming
164426 | Zig:18   | Entered Level 18 of a ziggurat
164500 | Zig:18   | Identified the Collected Works on Creative Ice
164695 | Zig:18   | Got a brightly glowing amber ring
164697 | Zig:18   | Identified the ring "Izices" {*Tele rF+} (You found it on level 18 of a ziggurat)
164702 | Zig:18   | Got a scintillating brass ring
164703 | Zig:18   | Identified the ring "Vaumuban" {rN+ Dex+3 Stlth+} (You found it on level 18 of a ziggurat)
164775 | Zig:18   | Got a faintly glowing flail
164776 | Zig:18   | Identified the +7 flail "Woozao" {chaos, Int+4 Dex+2} (You found it on level 18 of a ziggurat)
164784 | Zig:18   | Got a warped leather armour
164795 | Zig:18   | Identified the +1 leather armour of Reev {rPois Str+4} (You found it on level 18 of a ziggurat)
164802 | Zig:18   | Got an encrusted hunting sling
164803 | Zig:18   | Identified the cursed +1 hunting sling of Objectivity {velocity, rElec rN++} (You found it on level 18 of a ziggurat)
164898 | Zig:19   | Entered Level 19 of a ziggurat
165135 | Zig:19   | Got a fine bronze amulet
165161 | Zig:19   | Got a scintillating jade amulet
165236 | Zig:19   | Got a brightly glowing short sword
165237 | Zig:19   | Identified the cursed +2 short sword of Cipaock {pain, +Inv rN+ MR- Int+4} (You found it on level 19 of a ziggurat)
165242 | Zig:19   | Got a steaming mace
165243 | Zig:19   | Identified the +9 mace of Starshine {crush, rElec} (You found it on level 19 of a ziggurat)
165247 | Zig:19   | Got a faintly humming chain mail
165258 | Zig:19   | Identified the +1 chain mail "Toecsoph" {*Contam Regen+ Int+7 Dex+4} (You found it on level 19 of a ziggurat)
165449 | Zig:20   | Entered Level 20 of a ziggurat
165504 | Zig:20   | Noticed Muant the pandemonium lord
165516 | Zig:20   | Killed Muant the pandemonium lord
165957 | Zig:20   | Identified the amulet "Binoqus" {Harm *Drain rN+} (You found it on level 19 of a ziggurat)
165964 | Zig:20   | Identified the Guide on Clay and Confrontation
166018 | Zig:20   | Got a dazzling demon blade
166021 | Zig:20   | Identified the +4 demon blade of Agrecs {elec, rElec rN+} (You found it on level 20 of a ziggurat)
166057 | Zig:21   | Entered Level 21 of a ziggurat
166521 | Zig:21   | Got a pitted chain mail
166537 | Zig:21   | Identified the cursed +1 chain mail "Pehuogh" {Str+4} (You found it on level 21 of a ziggurat)
166557 | Zig:22   | Entered Level 22 of a ziggurat
166900 | Zig:22   | Got a brightly glowing pewter ring
166993 | Zig:23   | Entered Level 23 of a ziggurat
167348 | Zig:23   | Identified Laleel's Disquisition on Venomous Hexes
167384 | Zig:23   | Identified the ring "Isedeogh" {Ice rElec MR+} (You found it on level 22 of a ziggurat)
167386 | Zig:23   | Identified the amulet "Jeful" {Harm *Drain Dex+5} (You found it on level 19 of a ziggurat)
167393 | Zig:23   | Got a brightly glowing wooden ring
167395 | Zig:23   | Got a steaming wooden ring
167396 | Zig:23   | Identified the ring of Reyx {Fire rN+} (You found it on level 23 of a ziggurat)
167455 | Zig:24   | Entered Level 24 of a ziggurat
167476 | Zig:24   | Noticed a juggernaut
167484 | Zig:24   | Noticed a juggernaut
167485 | Zig:24   | Noticed a juggernaut
167486 | Zig:24   | Noticed a juggernaut
167486 | Zig:24   | Noticed a juggernaut
167486 | Zig:24   | Noticed a juggernaut
167493 | Zig:24   | Killed a juggernaut
167493 | Zig:24   | Killed a juggernaut
167493 | Zig:24   | Killed a juggernaut
167493 | Zig:24   | Killed a juggernaut
167494 | Zig:24   | Killed a juggernaut
167550 | Zig:24   | Noticed a juggernaut
167553 | Zig:24   | Killed a juggernaut
167555 | Zig:24   | Noticed a juggernaut
167564 | Zig:24   | Noticed a juggernaut
167565 | Zig:24   | Noticed a juggernaut
167567 | Zig:24   | Killed a juggernaut
167640 | Zig:24   | Killed a juggernaut
167644 | Zig:24   | Killed a juggernaut
167830 | Zig:24   | Killed a juggernaut
168117 | Zig:24   | Identified the ring of the Sky {Str-4 Int+5 SInv} (You found it on level 23 of a ziggurat)
168121 | Zig:24   | Got a vibrating wooden ring
168138 | Zig:24   | Identified the ring "Suubun" {rF+ rN+++ Str-4 SInv} (You found it on level 24 of a ziggurat)
168234 | Zig:25   | Entered Level 25 of a ziggurat
168284 | Zig:25   | Reached skill level 10 in Shields
168820 | Zig:25   | Identified the Volume of Harmful Companions
168873 | Zig:25   | Got a crystal dagger
168876 | Zig:25   | Identified the +6 dagger "Bufuuwn" {elec, *Corrode rElec MR+ Str+2} (You found it on level 25 of a ziggurat)
168883 | Zig:26   | Entered Level 26 of a ziggurat
169034 | Zig:26   | Noticed Herrn's ghost (legendary NaMo)
169249 | Zig:26   | Killed Herrn's ghost
169559 | Zig:26   | Identified the cursed ring "Loty" {EV-2 Dex+2} (You found it on level 26 of a ziggurat)
169562 | Zig:26   | Identified Liefuorgh's Disquisition on Shifting Snow
169734 | Zig:26   | Identified the Collected Works on Ashen Toxins
169783 | Zig:27   | Entered Level 27 of a ziggurat
169802 | Zig:27   | Noticed a greater mummy
169810 | Zig:27   | Killed a greater mummy
169852 | Zig:27   | Noticed a greater mummy
169853 | Zig:27   | Noticed a greater mummy
169854 | Zig:27   | Noticed a greater mummy
169869 | Zig:27   | Noticed a greater mummy
169889 | Zig:27   | Noticed a greater mummy
169891 | Zig:27   | Noticed a greater mummy
169893 | Zig:27   | Killed a greater mummy
169953 | Zig:27   | Killed a greater mummy
169959 | Zig:27   | Noticed a greater mummy
169974 | Zig:27   | Killed a greater mummy
169977 | Zig:27   | Noticed a greater mummy
170028 | Zig:27   | Killed a greater mummy
170028 | Zig:27   | Reached skill level 27 in Armour
170034 | Zig:27   | Noticed a greater mummy
170035 | Zig:27   | Noticed a greater mummy
170035 | Zig:27   | Killed a greater mummy
170037 | Zig:27   | Killed a greater mummy
170043 | Zig:27   | Noticed a greater mummy
170112 | Zig:27   | Killed a greater mummy
170122 | Zig:27   | Killed a greater mummy
170125 | Zig:27   | Killed a greater mummy
170209 | Zig:27   | Killed a greater mummy
170249 | Zig:27   | Killed a greater mummy
170734 | Zig:27   | Identified the -1 shield of the Hall of Blades {Str+6} (You acquired it on level 27 of a ziggurat)
170735 | Zig:27   | Identified the amulet "Gialeqot" {Harm *Drain Dex+2} (You acquired it on level 27 of a ziggurat)
170744 | Zig:27   | Identified the cursed ring "Nouserghy" {rPois Str+2 Dex-3} (You found it on level 27 of a ziggurat)
171150 | Tar:1    | Entered Level 1 of Tartarus
172457 | Tar:2    | Reached skill level 15 in Shields
175733 | Dis:1    | Entered Level 1 of the Iron City of Dis
175860 | Dis:1    | Reached skill level 10 in Fighting
179626 | Dis:4    | Reached skill level 15 in Fighting
179838 | Dis:7    | Entered Level 7 of the Iron City of Dis
183290 | Dis:7    | Noticed the Serpent of Hell
183297 | Dis:7    | Killed the Serpent of Hell
183552 | Dis:7    | Got a crude amethyst amulet
183553 | Dis:7    | Identified the amulet "Ahymohiq" {Faith rF+ rN++ Str-4 Dex+4} (You found it on level 7 of the Iron City of Dis)
184953 | Dis:7    | Identified the +0 helmet "Uwam" {Dex+3} (You found it on level 7 of the Iron City of Dis)
185470 | Dis:7    | Noticed Dispater
185498 | Dis:7    | Killed Dispater
185508 | Dis:7    | Identified the Papyrus of Envenoming and Snow
185511 | Dis:7    | Got an iron rune of Zot
186966 | Depths:4 | Voluntarily entered the Abyss.
186989 | Abyss:1  | Found a corrupted altar of Lugonu.
187131 | Abyss:1  | Found a deep blue altar of Sif Muna.
187362 | Abyss:1  | Learned a level 8 spell: Lehudib's Crystal Spear
187501 | Abyss:1  | Reached skill level 1 in Evocations
187914 | Abyss:2  | Found a corrupted altar of Lugonu.
188312 | Abyss:2  | Reached skill level 10 in Earth Magic
188427 | Abyss:2  | Reached skill level 5 in Evocations
188478 | Abyss:2  | Identified Sif Muna's Almanac of Conjuration (Sif Muna gifted it to you on level 2 of the Abyss)
188478 | Abyss:2  | Received a gift from Sif Muna
189181 | Abyss:3  | Identified Sif Muna's Volume of Poisoning and Heat (Sif Muna gifted it to you on level 3 of the Abyss)
189181 | Abyss:3  | Received a gift from Sif Muna
189273 | Abyss:3  | Identified Sif Muna's Tome of Hexes (Sif Muna gifted it to you on level 3 of the Abyss)
189273 | Abyss:3  | Received a gift from Sif Muna
189325 | Abyss:3  | Reached skill level 15 in Earth Magic
189736 | Abyss:3  | Reached skill level 1 in Staves
189796 | Abyss:3  | Identified Sif Muna's Incunabulum of Congealing Heat (Sif Muna gifted it to you on level 3 of the Abyss)
189796 | Abyss:3  | Received a gift from Sif Muna
190339 | Abyss:3  | Found a roughly hewn altar of Beogh.
190612 | Abyss:3  | Reached skill level 5 in Staves
190996 | Abyss:3  | Identified Gocuam's Volume of the Warped Volcanoes (Sif Muna gifted it to you on level 3 of the Abyss)
190996 | Abyss:3  | Received a gift from Sif Muna
191060 | Abyss:3  | Reached skill level 10 in Staves
191084 | Abyss:3  | Got an abyssal rune of Zot
191127 | Depths:4 | Escaped the Abyss
191298 | Depths:4 | Voluntarily entered the Abyss.
191452 | Depths:4 | Escaped the Abyss
191731 | Depths:4 | Voluntarily entered the Abyss.
191737 | Abyss:1  | Reached skill level 1 in Hexes
191744 | Abyss:1  | Noticed an ancient lich
191749 | Abyss:1  | Killed an ancient lich
191766 | Abyss:1  | Paralysed by accursed screaming for 1 turns
191789 | Abyss:2  | Found a corrupted altar of Lugonu.
192220 | Depths:4 | Escaped the Abyss
192386 | Depths:4 | Voluntarily entered the Abyss.
192405 | Abyss:1  | Reached skill level 5 in Hexes
192477 | Abyss:1  | Found a corrupted altar of Lugonu.
192516 | Depths:4 | Escaped the Abyss
193571 | Dis:4    | Identified Sif Muna's Papyrus of Helpful Attacks (Sif Muna gifted it to you on level 4 of the Iron City of Dis)
193571 | Dis:4    | Received a gift from Sif Muna
194060 | Vaults:3 | You paid a toll of a +7 demon whip to enter a treasure trove
194061 | Trove    | Entered a treasure trove
194090 | Trove    | Identified the Catalogue of Creative Evil Arts
194114 | Trove    | Identified Boycen's Guide on Fire and Combat Magic
194117 | Trove    | Identified Sif Muna's Catalogue of Greatest Risks and Utility
194120 | Trove    | Identified the Grimoire of the Hot Ocelot
194123 | Trove    | Identified the Compendium of Conjuration and Snow
194130 | Trove    | Identified Sif Muna's Handbook of Confrontation
194140 | Trove    | Identified Sif Muna's Handbook of Orientation
194143 | Trove    | Identified the Compendium of the Frostbite and Attacks
194434 | Depths:4 | Voluntarily entered the Abyss.
194439 | Abyss:1  | Noticed an ancient lich
194442 | Abyss:1  | Killed an ancient lich
194513 | Abyss:1  | Reached skill level 10 in Evocations
194646 | Abyss:1  | Noticed an ancient lich
194650 | Abyss:1  | Killed an ancient lich
195391 | Abyss:1  | Found a corrupted altar of Lugonu.
195449 | Abyss:1  | Reached skill level 10 in Hexes
195879 | Abyss:1  | Identified Sif Muna's Volume of Combat Magic (Sif Muna gifted it to you on level 1 of the Abyss)
195879 | Abyss:1  | Received a gift from Sif Muna
196611 | Abyss:1  | Noticed an ancient lich
196621 | Abyss:1  | Killed an ancient lich
196726 | Abyss:1  | Found a corrupted altar of Lugonu.
197296 | Abyss:1  | Reached skill level 1 in Necromancy
197588 | Abyss:1  | Reached skill level 1 in Polearms
198175 | Abyss:1  | Noticed an ancient lich
198177 | Abyss:1  | Killed an ancient lich
198177 | Abyss:1  | Reached skill level 5 in Polearms
198535 | Abyss:1  | Identified Sif Muna's Handbook of Conjuration (Sif Muna gifted it to you on level 1 of the Abyss)
198535 | Abyss:1  | Received a gift from Sif Muna
198707 | Abyss:1  | Reached skill level 1 in Charms
198707 | Abyss:1  | Reached skill level 1 in Air Magic
199122 | Abyss:1  | Found a corrupted altar of Lugonu.
199155 | Abyss:1  | Found a corrupted altar of Lugonu.
199498 | Abyss:1  | Identified Casi's Disquisition on Combat Magic (Sif Muna gifted it to you on level 1 of the Abyss)
199498 | Abyss:1  | Received a gift from Sif Muna
199503 | Abyss:1  | Reached skill level 5 in Air Magic
199566 | Abyss:1  | Reached skill level 5 in Charms
200194 | Abyss:1  | Found a hazy altar of Hepliaklqana.
200782 | Abyss:1  | Identified Cecoemm's Volume of Entrancing Earth (Sif Muna gifted it to you on level 1 of the Abyss)
200782 | Abyss:1  | Received a gift from Sif Muna
201367 | Abyss:1  | Found a corrupted altar of Lugonu.
201899 | Abyss:1  | Identified the cursed +1 robe "Ceod" {rPois rF+ Str+5 Int-3} (You found it on level 1 of the Abyss)
202203 | Abyss:1  | Identified Sif Muna's Reference Book on Conjuration (Sif Muna gifted it to you on level 1 of the Abyss)
202203 | Abyss:1  | Received a gift from Sif Muna
203231 | Abyss:1  | Reached skill level 10 in Air Magic
203320 | Abyss:1  | Found a corrupted altar of Lugonu.
203653 | Abyss:1  | Reached skill level 10 in Charms
203657 | Abyss:1  | Identified Wucocoat's Tome of Stolen Souls and Flight (Sif Muna gifted it to you on level 1 of the Abyss)
203657 | Abyss:1  | Received a gift from Sif Muna
204400 | Abyss:1  | Paralysed by accursed screaming for 2 turns
204508 | Abyss:1  | Identified Sif Muna's Collected Works on the Mountains (Sif Muna gifted it to you on level 1 of the Abyss)
204508 | Abyss:1  | Received a gift from Sif Muna
205353 | Abyss:1  | Identified the ring "Ses Gaon" {rPois rC+ Str-4 Dex+2 Stlth+} (You found it on level 1 of the Abyss)
205516 | Depths:4 | Escaped the Abyss
205643 | Depths:4 | Voluntarily entered the Abyss.
206450 | Abyss:1  | Found a corrupted altar of Lugonu.
206978 | Abyss:1  | Noticed an ancient lich
206984 | Abyss:1  | Killed an ancient lich
207231 | Abyss:1  | Found a bloodstained altar of Trog.
207983 | Abyss:1  | Identified Ymem's Handbook of Lightness and Boosts (Sif Muna gifted it to you on level 1 of the Abyss)
207983 | Abyss:1  | Received a gift from Sif Muna
209400 | Abyss:1  | Found a bloodstained altar of Trog.
209662 | Abyss:1  | Paralysed by accursed screaming for 1 turns
209868 | Abyss:1  | Paralysed by accursed screaming for 1 turns
210100 | Abyss:1  | Paralysed by you for 3 turns
210226 | Abyss:1  | HP: 1/235 [balrug/divine providence (12)]
210250 | Abyss:1  | HP: 7/235 [balrug/bolt of fire (5)]
210256 | Abyss:1  | Killed from afar by a smoke demon

Vault maps used:
D:1:      eino_arrival_tree_alley, minmay_unequal
D:2:      nicolae_overflow_crystal_walls, first_bread, minmay_rats_cheesy_pizza
D:3:      chequers_ecumenical_altar_simple_redux, uniq_robin
D:4:      serial_shops, nicolae_shop_statue_plus
D:6:      old_standard_altar, corexii_checkpoint_b, kennysheep_cross_room
D:7:      kennysheep_mini_moat, serial_co_window_serial, co_window_cross_1,
          co_window_paths_b, co_window_paths_a, co_window_paths_a,
          co_window_paths_b, co_window_corner_a, co_window_corner_a,
          co_window_broadway_c, co_window_2corner, co_window_2corner,
          co_window_unsneaky_path_b, co_window_corner_cb, co_window_4corner_b,
          co_window_sun, glass_columns_c, glass_columns_a, glass_columns_b,
          glass_columns_c, serial_shops, nicolae_shop_crystal
D:8:      blue_anna_alchemist, grunt_dithmenos_smoke_and_mirrors
D:9:      grunt_temple_overflow_open
D:10:     lair_entry_dummy, fedhas_bush_and_centaur_altar, uniq_joseph
D:11:     david_orc_2, basic_altar, uniq_maurice
D:13:     david_vaults_1
D:14:     lightli_bailey_entry_fortress, uniq_agnes
D:15:     hangedman_depths_entry_civil_slaughter, hangedman_decor_opposing,
          serial_glass, glass_columns_b, glass_columns_a, lemuel_flamethrower_3
Temple:   regret_index_temple_sphere_string
Lair:1:   beast_lair_carwin_6, grunt_megastairs_1, lemuel_fruit_fields,
          uniq_sonja
Lair:2:   kennysheep_rathole, lemuel_fruit_tree, lemuel_fruit_fields
Lair:3:   uniq_fannar
Lair:4:   minmay_swamp_entry_reptiles, guppyfry_snake_entry_island,
          pf_torpor_hydra, uniq_nergalle, uniq_josephine
Lair:5:   minmay_slime_entry_eyes, wad_woods_antlair
Lair:6:   guppyfry_lair_end_dragon, hangedman_lair_tendril_chambers
Swamp:1:  hangedman_swamp_pad, infiniplex_staircase_pool
Swamp:2:  evilmike_swamp_ruin_house_3
Swamp:3:  nicolae_swamp_godswood, uniq_louise
Swamp:4:  grunt_swamp_rune_castle, swamp_pool1, uniq_donald, uniq_kirke
Snake:2:  nicolae_aizul_guard, minmay_shop_star
Snake:3:  basic_altar, uniq_mara, uniq_azrael
Snake:4:  snake_pit_salamanders_mu
Slime:1:  basic_altar
Slime:2:  cheibrodos_slime_lost_civilization_4
Slime:3:  cheibrodos_slime_lost_civilization_7
Orc:1:    basic_altar, nicolae_orc_lava_room
Orc:2:    grunt_orc_tribal_feast, lightli_orcish_oven
Elf:1:    eino_elf_arrival_sip, orc_legates, roderic_roman_lattice, uniq_aizul
Elf:2:    serial_shops, nicolae_shop_crystal
Elf:3:    minmay_elf_hall_four_x, spider_trap
Vaults:1: nicolae_vaults_little_squares_4, vaults_room_hallway, v_misc_11,
          hangedman_vaults_corner, v_misc_19, ontoclasm_vaults_fault, st_lines,
          v_misc_1, v_misc_33, hangedman_vaults_impose, nicolae_vaults_alarming,
          vaults_room_door_hall, nicolae_vaults_little_squares_2,
          hangedman_vaults_stretched_pinwheel, serial_shops, shop_fountains
Vaults:2: ontoclasm_vaults_ring_large, nicolae_vaults_circle_grid_a,
          minmay_crypt_entry_simple_statues, ontoclasm_vaults_fire_temple,
          vaults_room_grunt_arrival_ludios, nicolae_vaults_little_squares_6,
          dpeg_vaults_monster_box, vaults_mumra_hexcomb,
          ontoclasm_vaults_loading_screen, serial_ice_m,
          grunt_vaults_hallway_short
Vaults:3: st_star, nicolae_vaults_specimen_jars, nicolae_vaults_big_ls,
          v_misc_24, ontoclasm_vaults_gateway, vaults_room_door_ring,
          hangedman_vaults_nails, v_misc_27, v_misc_31, ontoclasm_vaults_spin,
          vaults_room_hallway, nicolae_vaults_hallways_thing,
          nicolae_vaults_what_the_h, hangedman_vaults_impose, enter_trove_5,
          uniq_jory
Vaults:4: hangedman_vaults_stream, nicolae_vaults_network_s,
          nicolae_vaults_network_periphery, vaults_room_fancy_cross,
          vaults_standard_mumra_lines, v_pattern_2, grunt_vaults_twisty,
          vaults_room_stairs_pillars, uniq_jorgrun
Vaults:5: serial_shops, uniq_mennas, uniq_xtahua
Crypt:3:  cryptofortress_bobbens, uniq_saint_roka, uniq_sojobo
Tomb:2:   uniq_boris
Tomb:3:   uniq_khufu
Depths:1: enter_ziggurat_d, minmay_misc_feat_pillars, grunt_mini_vestibule,
          minmay_misc_feat_diagonals, minmay_protected_statue,
          serial_bayou_shore_a, minmay_shoptagon
Depths:2: minmay_glassy_protrusions, infiniplex_staircase_spiral, hellmouth_1
Depths:3: minmay_spriggan_fort, pan_entry, hangedman_geh_valley,
          minmay_misc_feat_secret_circle, nicolae_sextant, kennysheep_doodads,
          kennysheep_island_fort, minmay_shop_grove, uniq_enchantress
Depths:4: minmay_spiral_squares, grunt_hell_entry_dis_grunt,
          lemuel_statue_altar, minmay_room_of_horrors, minivault_12
Depths:5: grunt_zot_entry_bicorn, hangedman_decor_lopped, hell_entry
Dis:4:    grunt_megastairs_3
Dis:5:    hangedman_dis_chains
Dis:6:    hangedman_player_shredder
Dis:7:    iron_city_of_dis
Coc:7:    coc_old
Tar:4:    nicolae_tar_cuneiform_bread
Tar:5:    nicolae_tar_fractal_crypt
Zot:1:    hangedman_hellfire_club
Zot:2:    kennysheep_six_static_rooms, st_stairs_8
Zot:4:    grunt_zot_stairs_faceoff
Abyss:1:  evilmike_abyss_exit_6, evilmike_abyss_exit_7, evilmike_abyss_exit_7,
          abyss_exit_lava
Abyss:2:  hangedman_summoners_spam
Abyss:3:  guppyfry_abyss_exit_spiral_guarded
Zig:5:    ziggurat_pillar_centre_c
Zig:7:    ziggurat_pillar_centre_dead_trees
Zig:10:   ziggurat_pillar_centre_oklobs
Zig:13:   ziggurat_pillar_centre_drop
Zig:14:   ziggurat_pillar_centre_smoke
Zig:21:   ziggurat_pillar_centre_more_plants
Trove:    trove_library
Bailey:   bailey_polearm_gnolls_kennysheep, bailey

Skill      XL: |  1  2  3  4  5  6  7  8  9 10 11 12 13 14 15 16 17 18 19 20 21 22 23 24 25 26 27 |
---------------+----------------------------------------------------------------------------------+-----
Conjurations   | 1 2 3 4 5 6 7 8 9 10 11 12 13 14 15 16 17 19 20 21 22 23 27 | 27.0
Spellcasting   | 3 4 5 6 9 11 12 14 16 17 18 19 20 21 22 23 27 | 27.0
Fire Magic     | 3 4 5 6 7 8 9 10 11 12 13 14 15 16 17 19 20 21 23 24 27 | 27.0
Earth Magic    | 2 4 6 16 | 16.7
Dodging        | 2 4 5 14 | 14.9
Fighting       | 4 6 23 | 23.2
Invocations    | 6 8 9 10 12 | 12.7
Shields        | 6 7 8 22 | 22.8
Armour         | 27 | 27.0
Evocations     | 11 | 11.0
Staves         | 12 | 12.2
Hexes          | 11 | 11.1
Necromancy     | 3 |  3.3
Polearms       | 6 |  6.3
Charms         | 11 | 11.0
Air Magic      | 10 | 10.8
Stealth        | |  1.5

Action                   |  1- 3 |  4- 6 |  7- 9 | 10-12 | 13-15 | 16-18 | 19-21 | 22-24 | 25-27 || total
-------------------------+-------+-------+-------+-------+-------+-------+-------+-------+-------++-------
Melee: Spear             |    24 |    45 |    60 |       |       |       |       |       |       ||   129
       Demon trident     |       |       |     5 |       |       |       |    23 |    23 |  1957 ||  2008
       Staff             |       |       |       |     4 |     4 |     6 |    25 |     9 |   121 ||   169
 Cast: Flame Tongue      |    71 |   159 |   181 |   198 |   124 |    13 |   150 |    15 |    20 ||   931
       Throw Flame       |       |     8 |    60 |   227 |   171 |     4 |    45 |     3 |    37 ||   555
       Conjure Flame     |       |     8 |    18 |    23 |    16 |     3 |    14 |       |     1 ||    83
       Sticky Flame      |       |     1 |    26 |    85 |    81 |    24 |    49 |    21 |    79 ||   366
       Fireball          |       |       |     3 |    58 |   175 |   305 |   425 |   301 |   382 ||  1649
       Stone Arrow       |       |       |    13 |    26 |       |     1 |       |     2 |       ||    42
       Blink             |       |       |       |     2 |     6 |     3 |     6 |    18 |   220 ||   255
       Bolt of Magma     |       |       |       |       |   257 |   345 |   281 |   460 |  2365 ||  3708
       Repel Missiles    |       |       |       |       |     2 |     1 |     3 |     2 |    22 ||    30
       Delayed Fireball  |       |       |       |       |     2 |     1 |       |     2 |     7 ||    12
       Orb of Destructio |       |       |       |       |       |   118 |    17 |   190 |   650 ||   975
       Poisonous Cloud   |       |       |       |       |       |       |   100 |   103 |   237 ||   440
       Ignite Poison     |       |       |       |       |       |       |    12 |    27 |    22 ||    61
       Shroud of Golubri |       |       |       |       |       |       |       |    18 |    53 ||    71
       Fire Storm        |       |       |       |       |       |       |       |       |  1748 ||  1748
       Lehudib's Crystal |       |       |       |       |       |       |       |       |   480 ||   480
       Dispel Undead     |       |       |       |       |       |       |       |       |    25 ||    25
       Deflect Missiles  |       |       |       |       |       |       |       |       |     6 ||     6
Invok: Divine Energy     |       |       |       |       |     2 |       |     1 |       |     9 ||    12
       Stop Divine Energ |       |       |       |       |     2 |       |     1 |       |     9 ||    12
       Channel Magic     |       |       |       |       |     2 |    18 |    22 |    12 |   198 ||   252
 Abil: Release Delayed F |       |       |       |       |     1 |     1 |     1 |     1 |     1 ||     5
       Evoke Flight      |       |       |       |       |       |       |       |       |     5 ||     5
       Stop Flying       |       |       |       |       |       |       |       |       |     1 ||     1
Evoke: Lightning rod     |       |       |       |     3 |       |       |       |       |       ||     3
       Wand              |       |       |       |     1 |    10 |     5 |       |     9 |     8 ||    33
       Lamp of fire      |       |       |       |       |       |       |       |     1 |     1 ||     2
       Phial of floods   |       |       |       |       |       |       |       |     1 |       ||     1
       Phantom mirror    |       |       |       |       |       |       |       |       |     1 ||     1
       Staff of energy   |       |       |       |       |       |       |       |       |  2431 ||  2431
       Figurine of a zig |       |       |       |       |       |       |       |       |     1 ||     1
  Use: Scroll            |       |     1 |     2 |    17 |    17 |    12 |    16 |    21 |   125 ||   211
 Stab: Distracted        |       |       |       |       |       |       |       |       |    12 ||    12
Armor: Robe              |    14 |    24 |    26 |    22 |    14 |       |       |       |       ||   100
       Steam dragon scal |       |       |       |       |    60 |    97 |    62 |   193 |   372 ||   784
       Acid dragon scale |       |       |       |       |       |       |    20 |       |       ||    20
       Fire dragon scale |       |       |       |       |       |       |       |       |   634 ||   634
       Skin              |       |       |       |       |       |       |       |       |     4 ||     4
Dodge: Dodged            |    40 |    58 |    70 |    75 |   139 |   152 |   127 |   233 |  1899 ||  2793
       Deflected         |       |       |       |       |     4 |     5 |     9 |    10 |   123 ||   151
Block: Other             |       |       |    20 |    32 |    47 |    15 |       |       |     7 ||   121
       Reflection        |       |       |     6 |     5 |     1 |    41 |    65 |    41 |   173 ||   332
       Buckler           |       |       |       |       |       |   133 |   184 |   278 |   967 ||  1562
       Shield            |       |       |       |       |       |       |       |       |  2258 ||  2258
